 Dungeon Crawl Stone Soup version 0.31-a0-1002-g8e65716 (webtiles) character file.

Game seed: 15807946637103227558

24228859 PurpleRed the Archmage (level 27, 199/199 HPs)
             Began as a Deep Elf Delver on Nov 8, 2023.
             Was the Champion of Vehumet.
             Escaped with the Orb
             ... and 15 runes!
             The game lasted 06:02:26 (62328 turns).

PurpleRed the Archmage (Deep Elf Delver)           Turns: 62328, Time: 06:02:27

Health: 199/199    AC: 26    Str:  9    XL:     27
Magic:  80/80      EV: 29    Int: 51    God:    Vehumet [******]
Gold:   8554       SH:  0    Dex: 24    Spells: 11/80 levels left

rFire   + + +        b - +3 Elemental Staff {ele, rElec rF+ rC+ AC+3}
rCold   + + .        X - orb of the Blind Marksman {*channel, Harm Dex+2 Stlth+}
rNeg    + + +        k - +5 moon troll leather armour {Spirit, Regen++ MP+5}
rPois   ∞            O - +3 hat of Pondering {ponderous, Will+ MP+10 Int+5}
rElec   +            n - +2 cloak {rCorr}
rCorr   +            S - +2 pair of gloves "Heon" {Fly rElec Dex+3}
SInv    .            h - +2 pair of boots {Fly}
Will    ++++.        C - amulet "Mefitzoi" {RegenMP Int+7}
Stlth   +++          j - ring of Nuirch {MP+9 Int+5}
HPRegen 2.13/turn    T - ring of Viemny {Wiz Contam rF++ Int+4 Dex+3}
MPRegen 0.87/turn

%: harm (+30% outgoing, +20% incoming), guardian spirit, wizardry (x1), channel
magic (20%)
@: death-form, flying, studying 6 skills, slow
A: vile attack, torment immunity, no potions
0: Orb of Zot
}: 15/15 runes: barnacled, slimy, silver, golden, iron, obsidian, icy, bone,
abyssal, demonic, glowing, magical, fiery, dark, gossamer
a: Siphon Essence, Begin Untransformation, Renounce Religion


You escaped.
You worshipped Vehumet.
Vehumet was exalted by your worship.
You were an undying horror.
You visited 18 branches of the dungeon, and saw 88 of its levels.
You visited Pandemonium 1 time, and saw 19 of its levels.
You visited the Abyss 2 times.
You visited 1 bazaar.
You visited 2 ziggurats (completing 1), and saw 28 of their levels.
You also visited: Trove, Bailey, Gauntlet and Wizlab.

You collected 13166 gold pieces.
You spent 4612 gold pieces at shops.

Inventory:

Hand Weapons
 b - the +3 Elemental Staff (weapon) {ele, rElec rF+ rC+ AC+3}
   (You found it on level 6 of a ziggurat)

   AC+3:      It affects your AC (+3).
   rF+:       It protects you from fire.
   rC+:       It protects you from cold.
   rElec:     It insulates you from electricity.
 y - a +9 spectral demon blade
 P - the +8 longbow "Zephyr" {speed, Dex+3 SInv}
   (You found it on level 3 of the Lair of Beasts)

   Dex+3:     It affects your dexterity (+3).
   SInv:      It lets you see invisible.
Missiles
 W - 27 curare-tipped darts
Armour
 e - a +2 cloak of willpower
 h - a +2 pair of boots of flying (worn)
 k - the +5 moon troll leather armour (worn) {Spirit, Regen++ MP+5}
   (You took it off a deep elf death mage on level 3 of the Elven Halls)

   MP+5:      It affects your magic capacity (+5).
   Regen++:   It increases your rate of health regeneration.
 n - a +2 cloak of preservation (worn)
 J - the +5 robe of Night {Dark Will+ SInv}
   (You bought it in a shop on level 2 of the Dungeon)

   Dark:      It shrouds the wearer in darkness, reducing the range at which
   they can see and be seen by others.
   Will+:     It increases your willpower.
   SInv:      It lets you see invisible.
 L - the sphere of Battle
   (You found it on level 4 of the Spider Nest)

   Battle:    It summons a battlesphere in combat, with strength depending on
   Conjurations skill.
   Destructive: It enhances your destructive magic, and weakens non-destructive
   magic.
 O - the +3 hat of Pondering (worn) {ponderous, Will+ MP+10 Int+5}
   (You found it on level 19 of a ziggurat)

   Int+5:     It affects your intelligence (+5).
   Will+:     It increases your willpower.
   MP+10:     It affects your magic capacity (+10).
 S - the +2 pair of gloves "Heon" (worn) {Fly rElec Dex+3}
   (You found it on level 3 of the Elven Halls)

   Dex+3:     It affects your dexterity (+3).
   rElec:     It insulates you from electricity.
   Fly:       It grants you flight.
 V - a scarf of resistance
 X - the orb of the Blind Marksman (worn) {*channel, Harm Dex+2 Stlth+}
   (You found it on level 20 of a ziggurat)

   Dex+2:     It affects your dexterity (+2).
   Harm:      It increases damage dealt and taken.
   Stlth+:    It makes you more stealthy.
 Y - the +3 faerie dragon scales {Harm Regen+ rCorr}
   (You took it off the Enchantress on level 4 of the Depths)

   Regen+:    It increases your rate of health regeneration.
   rCorr:     It protects you from acid and corrosion.
   Harm:      It increases damage dealt and taken.
 Z - the +1 pair of gloves "Gaptoib" {Harm rC- Slay+3}
   (You found it on level 14 of a ziggurat)

   Slay+3:    It affects your accuracy & damage with ranged weapons and melee
   (+3).
   rC-:       It makes you vulnerable to cold.
   Harm:      It increases damage dealt and taken.
Jewellery
 c - the ring "Rys Rack" {Fire +Blink Will- Int+5}
   (You found it on level 18 of a ziggurat)

   [ring of fire]

   Fire:      It enhances your fire magic.
   Int+5:     It affects your intelligence (+5).
   rF+:       It protects you from fire.
   rC-:       It makes you vulnerable to cold.
   Will-:     It decreases your willpower.
   +Blink:    It lets you blink.
 j - the ring of Nuirch (left hand) {MP+9 Int+5}
   (You found it on level 21 of a ziggurat)

   [ring of magical power]

   Int+5:     It affects your intelligence (+5).
   MP+9:      It affects your magic capacity (+9).
 C - the amulet "Mefitzoi" (around neck) {RegenMP Int+7}
   (You took it off a deep elf pyromancer on level 3 of the Elven Halls)

   [amulet of magic regeneration]

   RegenMP:   It increases your rate of magic regeneration.
   Int+7:     It affects your intelligence (+7).
 F - the ring "Osail" {rCorr MP+9 Str+3 Int+2 Dex-3}
   (You found it on level 7 of the Iron City of Dis)

   [ring of resist corrosion]

   Str+3:     It affects your strength (+3).
   Int+2:     It affects your intelligence (+2).
   Dex-3:     It affects your dexterity (-3).
   MP+9:      It affects your magic capacity (+9).
   rCorr:     It protects you from acid and corrosion.
 H - the ring of Ignis, Bespelling {rF+ rC+++ rN+ Will+ Slay-3}
   (You found it in a treasure trove)

   [ring of protection from fire]

   Slay-3:    It affects your accuracy & damage with ranged weapons and melee
   (-3).
   rF+:       It protects you from fire.
   rC+++:     It renders you almost immune to cold.
   rN+:       It protects you from negative energy.
   Will+:     It increases your willpower.
 N - the ring of the Hare {EV+10}
   (You found it in a treasure trove)

   [ring of evasion]

   EV+10:     It affects your evasion (+10).
 T - the ring of Viemny (right hand) {Wiz Contam rF++ Int+4 Dex+3}
   (You found it on level 7 of Cocytus)

   [ring of wizardry]

   Wiz:       It improves your spell success rate.
   Int+4:     It affects your intelligence (+4).
   Dex+3:     It affects your dexterity (+3).
   rF++:      It greatly protects you from fire.
   Contam:    It causes magical contamination when unequipped.
 U - the ring of Vanity {rPois rCorr AC+4 Int+3 Stlth+}
   (You found it on level 21 of a ziggurat)

   [ring of protection]

   AC+4:      It affects your AC (+4).
   Int+3:     It affects your intelligence (+3).
   rPois:     It protects you from poison rCorr: It protects you from acid and
   corrosion.
   Stlth+:    It makes you more stealthy.
Talismans
 D - a talisman of death (active)
 M - a storm talisman
Wands
 g - a wand of digging (58)
 w - a wand of quicksilver (54)
 Q - a wand of iceblast (70)
Scrolls
 d - 17 scrolls of fog
 i - 5 scrolls of revelation
 m - 11 scrolls of blinking
 s - 15 scrolls of enchant armour
 u - 30 scrolls of teleportation
 K - 12 scrolls of fear
 R - 8 scrolls of summoning
Potions
 a - 4 potions of might
 f - 5 potions of resistance
 o - 3 potions of brilliance
 p - 6 potions of cancellation
 q - 13 potions of haste
 r - 19 potions of mutation
 t - 7 potions of lignification
 v - 7 potions of invisibility
 x - 9 potions of enlightenment
 z - 10 potions of ambrosia
 A - 9 potions of curing
 E - 6 potions of heal wounds
 I - 5 potions of magic
Miscellaneous
 l - a +1 figurine of a ziggurat
 B - a lightning rod (4/4)
 G - a phantom mirror


   Skills:
 O Level 27 Fighting
 - Level 2.0(11.4) Short Blades
 - Level 15.9(16.0) Long Blades
 + Level 14.6 Armour
 + Level 20.1 Dodging
 + Level 18.1 Stealth
 - Level 3.0 Shields
 O Level 27 Spellcasting
 + Level 25.5 Conjurations
 - Level 12.0 Necromancy
 - Level 3.0 Translocations
 - Level 22.8 Fire Magic
 O Level 27 Ice Magic
 - Level 22.0 Air Magic
 - Level 22.0 Earth Magic
 - Level 3.0 Poison Magic
 - Level 12.6 Evocations
 - Level 23.0 Shapeshifting


You had 11 spell levels left.
You knew the following spells:

 Your Spells              Type           Power      Damage    Failure   Level
a - Apportation           Tloc           100%       N/A       1%          1
b - Orb of Destruction    Conj           73%        9d17      1%          7
c - Ignition              Fire           83%        3d21      1%          8
d - Lehudib's Crystal Sp  Conj/Erth      84%        10d19     1%          8
e - Fire Storm            Conj/Fire      84%        8d21      1%          9
f - Fireball              Conj/Fire      84%        3d31      1%          5
g - Chain Lightning       Conj/Air       84%        3d112     1%          9
h - Blink                 Tloc           100%       N/A       1%          2
i - Polar Vortex          Ice            87%        12d11*    1%          9
s - Shatter               Erth           82%        3d59*     1%          9
x - Sublimation of Blood  Necr           100%       N/A       1%          2

Your spell library contained the following spells:

 Spells                   Type           Power      Damage    Failure   Level
 Foxfire                  Conj/Fire      100%       2x1d9     1%          1
 Kiss of Death            Conj/Necr      100%       2d13      1%          1
 Magic Dart               Conj           100%       1d8       1%          1
 Necrotise                Necr           100%       1d9       1%          1
 Sandblast                Erth           100%       2d20      1%          1
 Shock                    Conj/Air       100%       1d9       1%          1
 Slow                     Hex            100%       N/A       1%          1
 Sting                    Tmut/Pois      100%       1d8       1%          1
 Summon Small Mammal      Summ           100%       N/A       1%          1
 Cigotuvi's Dreadful Rot  Necr/Pois/Air  100%       N/A       1%          2
 Ensorcelled Hibernation  Hex/Ice        100%       N/A       1%          2
 Jinxbite                 Hex            100%       N/A       1%          2
 Lesser Beckoning         Tloc           100%       N/A       1%          2
 Momentum Strike          Conj/Tloc      100%       3d10      1%          2
 Passwall                 Tmut/Erth      100%       N/A       1%          2
 Poisonous Vapours        Pois/Air       100%       N/A       1%          2
 Scorch                   Fire           100%       2d9       1%          2
 Searing Ray              Conj           100%       2d8       1%          2
 Static Discharge         Conj/Air       100%       3-8/arc   1%          2
 Wereblood                Tmut           62%        N/A       1%          2
 Call Canine Familiar     Summ           62%        N/A       1%          3
 Confusing Touch          Hex            62%        N/A       1%          3
 Dazzling Flash           Conj/Hex       100%       N/A       1%          3
 Frozen Ramparts          Ice            100%       1d16      1%          3
 Gell's Gravitas          Tloc           78%        N/A       1%          3
 Hailstorm                Conj/Ice       100%       3d20      1%          3
 Ignite Poison            Fire/Tmut/Pois 100%       N/A       1%          3
 Inner Flame              Hex/Fire       100%       N/A       1%          3
 Mephitic Cloud           Conj/Pois/Air  100%       N/A       1%          3
 Ozocubu's Armour         Ice            100%       N/A       1%          3
 Sigil of Binding         Hex            62%        N/A       1%          3
 Stone Arrow              Conj/Erth      100%       3d13      1%          3
 Summon Guardian Golem    Hex/Summ       62%        N/A       1%          3
 Swiftness                Air            100%       N/A       1%          3
 Teleport Other           Tloc           78%        N/A       1%          3
 Vampiric Draining        Necr           100%       2d13      1%          3
 Volatile Blastmotes      Fire/Tloc      100%       2d18      1%          3
 Airstrike                Air            82%        2d(12-28) 1%          4
 Anguish                  Hex/Necr       46%        N/A       1%          4
 Animate Armour           Summ/Erth      100%       N/A       1%          4
 Animate Dead             Necr           100%       N/A       1%          4
 Brom's Barrelling Bould  Conj/Erth      100%       2d11      1%          4
 Dimensional Bullseye     Hex/Tloc       35%        N/A       1%          4
 Dispel Undead            Necr           100%       3d31      1%          4
 Flame Wave               Conj/Fire      100%       2d21      1%          4
 Fulminant Prism          Conj/Hex       57%        3d24      1%          4
 Leda's Liquefaction      Hex/Erth       67%        N/A       1%          4
 Manifold Assault         Tloc           78%        N/A       1%          4
 Olgreb's Toxic Radiance  Pois           78%        N/A       1%          4
 Passage of Golubria      Tloc           78%        N/A       1%          4
 Petrify                  Tmut/Erth      100%       N/A       1%          4
 Sticky Flame             Conj/Fire      100%       2d11      1%          4
 Summon Ice Beast         Ice/Summ       100%       N/A       1%          4
 Summon Lightning Spire   Summ/Air       100%       N/A       1%          4
 Vhi's Electric Charge    Tloc/Air       100%       N/A       1%          4
 Agony                    Necr           100%       N/A       1%          5
 Arcjolt                  Conj/Air       84%        1d94      1%          5
 Borgnjor's Vile Clutch   Necr/Erth      76%        N/A       1%          5
 Freezing Cloud           Conj/Ice/Air   98%        6-21      1%          5
 Irradiate                Conj/Tmut      57%        3d30      1%          5
 Iskenderun's Battlesphe  Conj           100%       2d15      1%          5
 Lee's Rapid Deconstruct  Erth           82%        3d36*     1%          5
 Metabolic Englaciation   Hex/Ice        71%        N/A       1%          5
 Silence                  Hex/Air        67%        N/A       1%          5
 Yara's Violent Unravell  Hex/Tmut       31%        3d13      1%          5
 Bombard                  Conj/Erth      84%        9d13      1%          6
 Conjure Ball Lightning   Conj/Air       84%        3x3d32    1%          6
 Death Channel            Necr           56%        N/A       1%          6
 Plasma Beam              Fire/Air       96%        2x1d115   1%          6
 Simulacrum               Ice/Necr       79%        N/A       1%          6
 Starburst                Conj/Fire      84%        6d21      1%          6
 Ozocubu's Refrigeration  Ice            87%        4d26      1%          7
 Spellforged Servitor     Conj/Summ      57%        N/A       1%          7
 Maxwell's Capacitive Co  Air            82%        ∞         1%          8
 Cause Fear               Hex            31%        N/A       3%          4
 Alistair's Intoxication  Tmut/Pois      47%        N/A       4%          5
 Summon Forest            Summ/Tloc      35%        N/A       4%          5
 Eringya's Noxious Bog    Tmut/Pois      35%        4d6       4%          6
 Summon Mana Viper        Hex/Summ       62%        N/A       6%          5
 Dispersal                Tloc           39%        N/A       9%          6
 Borgnjor's Revivificati  Necr           56%        N/A       9%          8
 Infestation              Necr           56%        N/A       9%          8
 Haunt                    Necr/Summ      46%        N/A       12%         7
 Summon Cactus Giant      Summ           31%        N/A       21%         6
 Malign Gateway           Summ/Tloc      35%        N/A       47%         7
 Death's Door             Necr           56%        N/A       61%         9
 Enfeeble                 Hex            31%        N/A       65%         7
 Monstrous Menagerie      Summ           31%        N/A       65%         7
 Summon Hydra             Summ           31%        N/A       65%         7
 Disjunction              Tloc           39%        N/A       87%         8
 Discord                  Hex            31%        N/A       99%         8
 Summon Horrible Things   Summ           31%        N/A       99%         8
 Dragon's Call            Summ           31%        N/A       100%        9


Dungeon Overview and Level Annotations

Branches:
Dungeon (15/15)            Temple (1/1) D:6            Lair (5/5) D:9
 Shoals (4/4) Lair:3       Spider (4/4) Lair:2        Slime (5/5) Lair:5
    Orc (2/2) D:10            Elf (3/3) Orc:2        Vaults (5/5) D:13
  Crypt (3/3) Vaults:2       Tomb (3/3) Crypt:3      Depths (4/4) D:15
   Hell (visited)             Dis (7/7) Hell            Geh (7/7) Hell
    Coc (7/7) Hell            Tar (7/7) Hell            Zot (5/5) Depths:4
 Bailey (visited)          WizLab (visited)         Gauntlet (visited)

Altars:
Ashenzari
Cheibriados
Dithmenos
Elyvilon
Fedhas
Gozag
Hepliaklqana
Kikubaaqudgha
Makhleb
Nemelex Xobeh
Okawaru
Qazlal
Ru
Sif Muna
Trog
Uskayaw
Vehumet
Wu Jian
Xom
Yredelemnul
Zin
The Shining One
Jiyva
Lugonu

Shops:
D:2 [   D:3 ?   D:10 (   Orc:2 (*=[?   Elf:1 *   Elf:2 ((   Elf:3 (
Vaults:1 (

Portals:
Hell: Depths:3
Abyss: Spider:3
Pandemonium: Depths:1

Annotations:
Spider:3 3 runed translucent doors, Ycoraneent's ghost, adept NaEE
Elf:1 2 transporters, Unit's ghost, adept DrCA
Depths:3 2 transporters
Dis:5 13 runed doors
Tar:7 Ereshkigal


Message History

Casting: Shatter (dangerous; 1% risk of failure)
Confirm with . or Enter, or press ? or * to list all spells.
You feel a surge of power!
The dungeon rumbles!
Ka-crash!
Casting: Shatter (dangerous; 1% risk of failure)
Confirm with . or Enter, or press ? or * to list all spells.
You feel a surge of power!
The dungeon rumbles!
Ka-crash!
Magical energy flows into your mind!
You see here a +0 flail.
You see here a +0 flail.
There is a stone staircase leading up here.
You fly upwards.
There is a stone staircase leading down here.
There is a stone staircase leading down here.
You see here a +0 flail.
There is a stone staircase leading up here.
You fly upwards.
There is a stone staircase leading down, spattered with blood here.
There is a stone staircase leading up here.
You fly upwards.
There is a stone staircase leading down here.
There is an escape hatch in the ceiling here.
A mysterious force pulls you upwards. The hatch slams shut behind you.
There is a stone staircase leading up here.
You fly upwards.
There is a stone staircase leading down here.
You reach down and open the door.
There is an open door here.
You see here a +0 hand axe.
There is an open door here.
Casting: Shatter (dangerous; 1% risk of failure)
Confirm with . or Enter, or press ? or * to list all spells.
You feel a surge of power!
The dungeon rumbles!
A door shatters!
Ka-crash!
Magical energy flows into your mind!
There is a staircase leading out of the dungeon here.
You have escaped!

##+###...#####)#......### #.#
#8..##.#.. ##.###.##...###.#
.....####. #..###..###.##..#####
......###. #.....#.# #.##.###...
.......#.. ##..#...# #.##.###...
..........# #.......###......#...
..).......###.⌠...⌠........#.....
.......8#......#+#......(..###...
.........#..#...z.........## #...
......## ##.#..#.#..####### #...
.....## #.#.⌠...⌠.# #... #8.8##
#.........# #... ##'##
##....##### #### ...# ###### ####


There were no monsters in sight!

Vanquished Creatures
  Cerebov (Pan)
  Asmodeus (Geh:7)
  Antaeus (Coc:7)
  the Royal Jelly (Slime:5)
  Gloorx Vloq (Pan)
  the Serpent of Hell (Coc:7)
  Ignacio (Pan)
  Dispater (Dis:7)
  Mnoleg (Pan)
  Lom Lobon (Pan)
  14 ancient liches
  6 dread liches
  2 orbs of fire (Zot:5)
  Mennas (Vaults:4)
  3 juggernauts
  25 royal mummies
  Margery (Crypt:3)
  The ghost of Ynau the Minotaur Barricade, a veteran MiCA of Jiyva (Depths:1)
  Vv (Zot:1)
  7 Killer Klowns
  Bai Suzhen (Elf:3)
  19 shard shrikes
  29 caustic shrikes
  Geryon (Hell)
  2 curse toes
  33 golden dragons
  7 profane servitors
  10 pandemonium lords
  the Enchantress (Depths:4)
  18 bone dragons
  18 Tzitzimimeh
  7 doom hounds
  8 hellephants
  24 Brimstone Fiends
  3 electric golems
  14 iron giants
  Zenata (Elf:2)
  Jorgrun (Orc:2)
  Mlioglotl (Shoals:1)
  16 tainted leviathans
  Rupert (D:13)
  A walking crystal tome (Depths:1)
  26 Ice Fiends
  8 liches
  19 Orb Guardians
  23 tentacled monstrosities
  A walking frostbound tome (Depths:2)
  36 Hell Sentinels
  6 quicksilver dragons
  5 deep elf blademasters
  19 titans
  Asterion (Vaults:1)
  A walking earthen tome (Depths:1)
  2 walking divine tomes
  7 deep elf master archers
  A sphinx (shapeshifter) (Zig:11)
  21 searing wretches
  2 krakens
  21 Executioners
  8 sphinxes
  Gastronok (Lair:1)
  27 acid blobs
  A tentacled starspawn (Abyss:3)
  10 draconian monks
  9 shadow dragons
  5 death cobs
  An eldritch tentacle (Pan)
  34 ancient champions
  Roxanne (Spider:2)
  8 tengu reavers
  10 storm dragons
  The ghost of Orra the Bludgeoner, an adept MiAK of Lugonu (D:15)
  Aizul (Spider:4)
  15 nagarajas
  An azure jelly (shapeshifter) (Vaults:5)
  17 draconian knights
  21 azure jellies
  Ilsuiw (Shoals:3)
  12 revenants
  5 narguns
  22 vault wardens
  18 frost giants
  8 deep elf sorcerers
  A demonspawn warmonger (Pan)
  45 balrugs
  14 quicksilver elementals
  11 rockslimes
  8 emperor scorpions
  14 iron dragons
  7 draconian scorchers
  27 fire giants
  24 orc warlords
  6 ghost moths
  3 deep elf elementalists (Elf:3)
  10 curse skulls
  3 shard shrike simulacra
  17 draconian annihilators
  10 draconian shifters
  16 draconian stormcallers
  5 ghouls
  A caustic shrike zombie (Crypt:3)
  5 spriggan defenders
  17 cacodemons
  21 very ugly things
  5 formless jellyfish
  4 angels (Zot:2)
  A caustic shrike skeleton (Tomb:2)
  20 stone giants
  A stone giant (shapeshifter) (Zig:11)
  12 demonspawn blood saints
  11 demonspawn corrupters
  13 reapers
  The ghost of Unit the Stormcaller, a journeyman DsVM of Gozag (Shoals:2)
  37 war gargoyles
  14 quicksilver oozes
  A formless jellyfish (shapeshifter) (Zig:11)
  4 broodmothers
  26 elemental wellsprings
  5 demonspawn black suns
  18 ironbound preservers
  20 purple draconians
  7 vampire knights
  12 wendigos
  15 black draconians
  12 dire elephants
  8 ironbound thunderhulks
  9 green draconians
  15 deep elf demonologists
  A minotaur (Gauntlet)
  9 lorocyprocas
  19 white draconians
  19 deep elf annihilators
  11 yellow draconians
  4 bennus (Tomb:1)
  11 spark wasps
  A spectral titan (Tar:3)
  17 putrid mouths
  2 bunyips (Zig:15)
  16 red draconians
  3 eleionomae
  11 blizzard demons
  15 eidola
  8 crystal guardians
  19 green deaths
  Azrael (Orc:2)
  9 deep elf death magi
  29 iron golems
  A spark wasp (shapeshifter) (Vaults:5)
  9 merfolk javelineers
  23 mummy priests
  16 ettins
  10 deep elf high priests
  20 yaktaur captains
  14 fire dragons
  Josephine (D:11)
  6 spectral spriggans
  14 great orbs of eyes
  11 entropy weavers
  2 spectral fenstrider witches (Tar:1)
  6 jiangshi
  A spriggan zombie (Tomb:3)
  12 ice dragons
  9 caustic shrike simulacra
  An elf skeleton (Tomb:1)
  A ghost crab (Zig:12)
  7 shambling mangroves
  39 vault guards
  4 stokers
  16 hydras
  9 spriggan air magi
  11 rakshasas
  3 peacekeepers
  11 alligators
  4 ogre magi
  6 juggernaut simulacra
  3 radroaches
  2 jorogumos
  24 salamander tyrants
  A catoblepas (Lair:5)
  3 hell beasts
  A two-headed ogre (shapeshifter) (Vaults:5)
  13 boulder beetles
  3 anacondas (Zig:19)
  2 death knights (Crypt:1)
  14 ironbound frosthearts
  18 centaur warriors
  3 merfolk avatars
  A spectral stone giant (Tar:2)
  5 two-headed ogres
  50 dancing weapons
  5 satyrs
  5 death yaks
  3 merfolk aquamancers
  3 alligator snapping turtles
  6 deep troll shamans
  53 death scarabs
  6 tengu warriors
  A fenstrider witch skeleton (Hell)
  15 orc high priests
  37 hell hogs
  9 deep troll earth magi
  A spectral dire elephant (Tar:1)
  13 demonic crawlers
  2 naga warriors (Zig:19)
  3 shock serpents (Zig:19)
  15 vampire magi
  11 occultists
  21 soul eaters
  4 naga sharpshooters (Zig:19)
  9 spriggan berserkers
  26 sun demons
  15 hell knights
  Sonja (Orc:2)
  29 deep elf knights
  Nergalle (Orc:2)
  12 crystal echidnas
  13 iron trolls
  50 large abominations
  3 titan skeletons
  17 skeletal warriors
  15 shadow wraiths
  A skyshark (shapeshifter) (Vaults:5)
  Lodul (D:11)
  2 skysharks
  2 sun moths
  10 sixfirhies
  4 goliath frogs
  7 quicksilver dragon simulacra
  A golden dragon zombie (Crypt:3)
  A storm dragon skeleton (Pan)
  2 pharaoh ants (Spider:1)
  12 sea snakes
  10 glowing orange brains
  2 spriggan druids
  11 swamp dragons
  2 sea snakes (shapeshifter)
  12 flayed ghosts
  6 death drakes
  A spectral iron dragon (Tar:3)
  An anaconda zombie (Hell)
  2 naga ritualists (Zig:19)
  4 spriggan simulacra
  8 orb spiders
  3 swamp dragons (shapeshifter)
  2 bog bodies
  44 deep trolls
  10 shadow demons
  7 arcanists
  An anaconda skeleton (Tomb:2)
  12 deep elf archers
  8 lindwurms
  23 harpies
  A shadow dragon zombie (Vaults:4)
  19 ironbound convokers
  36 deep elf zephyrmancers
  10 steelbarb worms
  12 phantasmal warriors
  An iron dragon zombie (Tomb:2)
  17 necromancers
  14 wolf spiders
  14 manticores
  A stone giant zombie (Vaults:4)
  13 shining eyes
  19 ugly things
  33 deep elf pyromancers
  29 orc knights
  A salamander (shapeshifter) (Vaults:5)
  2 mana vipers (shapeshifter)
  4 will-o-the-wisps
  6 worldbinders (WizLab)
  40 fauns
  37 oklob plants
  A salamander (Zig:19)
  A moth of wrath (shapeshifter) (Zot:2)
  10 moths of wrath
  4 cyclopes
  2 frost giant zombies
  A spectral ettin (Tar:1)
  A stone giant skeleton (Pan)
  15 orc sorcerers
  2 iron dragon skeletons
  2 spectral centaurs (Tar:2)
  2 elephants (Lair:5)
  2 guardian serpents (Zig:19)
  4 rust devils
  3 naga magi (Zig:19)
  5 water nymphs
  A spectral alligator snapping turtle (Tar:3)
  An ice statue (Hell)
  9 merfolk sirens
  10 torpor snails
  An apocalypse crab (Zig:11)
  4 eyes of devastation
  3 titan simulacra
  7 black mambas
  2 centaur skeletons
  4 gargoyles
  9 cane toads
  23 smoke demons
  19 vault sentinels
  3 torpor snails (shapeshifter)
  9 molten gargoyles
  2 storm dragon simulacra (Coc:1)
  17 orange demons (Pan)
  36 hellions
  13 komodo dragons
  10 rime drakes
  2 human zombies
  2 kobold demonologists (D:12)
  4 ice devils
  A rime drake (shapeshifter) (D:8)
  4 efreet (Pan)
  6 anaconda simulacra
  2 bunyip simulacra
  A tengu conjurer (Depths:4)
  36 yaktaurs
  38 tormentors
  4 iron giant simulacra
  5 freezing wraiths
  A golden dragon simulacrum (Zig:5)
  54 guardian mummies
  3 hydra zombies (Hell)
  6 red devils
  2 human skeletons
  4 tyrant leeches
  2 spectral nagas (Tar:1)
  A bloated husk (Zig:15)
  A meliai (shapeshifter) (D:13)
  2 spectral harpies (Tar:1)
  A wolf spider simulacrum (D:13)
  9 meliai
  9 hellwings (Pan)
  18 trolls
  20 merfolk
  15 wind drakes
  25 hornets
  Grinder (D:5)
  A shadow dragon simulacrum (Zig:5)
  2 hornets (shapeshifter)
  2 sea snake skeletons (Hell)
  A wind drake (shapeshifter) (Elf:3)
  3 polar bears
  A hydra skeleton (Hell)
  21 tarantellas
  A raiju (shapeshifter) (D:15)
  9 blink frogs
  14 snapping turtles
  4 stone giant simulacra
  28 dream sheep
  112 slime creatures
  9 glass eyes
  25 jumping spiders
  31 flying skulls
  17 culicivoras
  16 spriggans
  4 wyverns
  An ice dragon skeleton (Tomb:1)
  An ettin skeleton (Vaults:4)
  An air elemental (Elf:2)
  21 ynoxinuls (Pan)
  8 water elementals
  5 dire elephant simulacra
  51 yaks
  3 centaur simulacra
  6 naga simulacra
  An alligator snapping turtle simulacrum (Coc:2)
  A vampire (D:12)
  8 fire elementals
  22 ushabtiu
  14 golden eyes
  8 wraiths
  51 redbacks
  2 steam dragons (Lair:5)
  4 basilisks
  25 neqoxecs (Pan)
  21 chaos spawn
  12 small abominations (Abyss:3)
  2 swamp worms (shapeshifter)
  A naga zombie (Hell)
  10 vampire mosquitoes
  A naga (Zig:19)
  7 harpy simulacra
  7 hell hounds
  3 hydra simulacra
  17 wargs
  9 water moccasins
  7 acid dragons
  A swamp drake (shapeshifter) (Elf:3)
  2 human simulacra (Vaults:1)
  65 orc warriors
  A sky beast (shapeshifter) (D:15)
  A swamp drake (Lair:5)
  3 ice beasts
  2 black bears (D:8)
  2 black bears (shapeshifter) (D:14)
  2 sky beasts
  2 black mamba simulacra (Coc:1)
  44 ogres
  8 boggarts
  30 wolves
  5 ettin simulacra
  An orc skeleton (Vaults:1)
  A lindwurm skeleton (Crypt:2)
  2 phantoms (D:5)
  12 centaurs
  A kobold brigand (D:12)
  4 elf zombies (Elf:1)
  Blork the orc (Orc:2)
  12 bullfrogs
  A komodo dragon zombie (Crypt:1)
  A gnoll sergeant (D:8)
  2 necrophages
  2 scorpions
  5 earth elementals
  14 wights
  An ogre simulacrum (Vaults:3)
  16 killer bees
  5 howler monkeys
  3 lava snakes
  A hound (D:6)
  7 jellies
  2 gnoll boudas
  20 orc priests
  2 sleepcaps
  8 iguanas
  29 orc wizards
  3 polar bear simulacra (D:9)
  7 hell rats (Lair:5)
  3 yak simulacra (D:9)
  3 wolf simulacra (D:9)
  42 mummies
  18 gnolls
  5 adders
  2 shadow imps
  2 worms (D:3)
  2 dart slugs (D:1)
  75 orcs
  7 ball pythons
  4 bats (D:1)
  4 endoplasms
  6 giant cockroaches
  5 hobgoblins
  8 jackals (D:2)
  2 quokkas (D:1)
  A frilled lizard (D:1)
  12 goblins
  23 kobolds
  5 rats
  2 river rat simulacra (D:9)
  4 creeping infernos
  A lurking horror (Spider:3)
  A spectral weapon (WizLab)
  A starspawn tentacle (Abyss:3)
  4 tentacles
4520 creatures vanquished.

Vanquished Creatures (collateral kills)
  An ancient lich (Zig:16)
  A royal mummy (Tomb:1)
  A tentacled monstrosity (Zig:27)
  A draconian knight (Zig:25)
  2 vault wardens
  2 draconian shifters
  An ironbound preserver (Vaults:1)
  2 very ugly things (Depths:2)
  An ironbound thunderhulk (Vaults:2)
  2 stone giants
  A vampire knight (Zig:20)
  4 dire elephants
  A white draconian (Zig:18)
  A jiangshi (Zig:13)
  A vault guard (Vaults:2)
  A deep troll (Depths:1)
  A tengu zombie (Vaults:1)
  An anaconda skeleton (Hell)
  2 harpies
  A necromancer (Vaults:3)
  An orc knight (Zig:22)
  A deep elf pyromancer (Zig:23)
  A deep elf zephyrmancer (Elf:3)
  A faun (Shoals:4)
  A worldbinder (WizLab)
  A black draconian skeleton (Crypt:2)
  An ice devil (Depths:2)
  A spectral harpy (Tar:5)
  A large abomination (Pan)
  An air elemental (Zig:23)
  3 slime creatures
  3 water elementals
  A redback (Vaults:2)
  A water moccasin (D:5)
  An orc warrior (D:7)
  An ogre (D:7)
  An elf zombie (Elf:1)
  2 bullfrogs (D:7)
  A scorpion (D:7)
  3 orc priests (D:7)
  An orc wizard (D:7)
  An iguana (D:7)
  A mummy (Tomb:1)
  2 shadow imps (D:7)
  3 orcs (D:7)
63 creatures vanquished.

Vanquished Creatures (others)
  A searing wretch (Geh:4)
  An angel (D:9)
  A juggernaut simulacrum (Coc:7)
  A spriggan simulacrum (Coc:7)
  1179 fire vortices
  12 foxfires
  A starspawn tentacle (Abyss:3)
  4 tentacles
1200 creatures vanquished.

Grand Total: 5783 creatures vanquished

Notes
Turn   | Place    | Note
-------+----------+-------------------------------------------
     0 | D:5      | PurpleRed the Deep Elf Delver began the quest for the Orb.
     0 | D:5      | Reached XP level 1. HP: 13/13 MP: 3/3
    27 | D:6      | Noticed an ice beast
    36 | D:6      | Noticed a jelly
    61 | D:6      | Noticed a sleepcap
    66 | D:6      | Found a staircase to the Ecumenical Temple.
    67 | D:6      | Noticed a jelly
    72 | Temple   | Entered the Ecumenical Temple
    96 | Temple   | Became a worshipper of Vehumet
   150 | D:5      | Noticed an ice beast
   219 | D:4      | Found an ancient bone altar of Kikubaaqudgha.
   223 | D:4      | Found a shimmering blue altar of Sif Muna.
   277 | D:4      | Reached skill level 1 in Spellcasting
   312 | D:4      | Noticed a scorpion
   501 | D:2      | Reached XP level 2. HP: 18/18 MP: 7/7
   551 | D:1      | Reached skill level 1 in Necromancy
   823 | D:1      | Found a faded altar of an unknown god.
   887 | D:1      | Reached XP level 3. HP: 22/22 MP: 9/9
   906 | D:1      | Reached * piety under Vehumet
   906 | D:1      | Offered knowledge of Magic Dart by Vehumet.
   910 | D:1      | Learned a level 1 spell: Magic Dart
  1410 | D:2      | Learned a level 3 spell: Vampiric Draining
  1514 | D:2      | Found Kocob's Antique Armour Shop.
  1667 | D:2      | Reached XP level 4. HP: 22/27 MP: 11/11
  2399 | D:3      | Found a hazy altar of Hepliaklqana.
  2500 | D:3      | Reached XP level 5. HP: 31/31 MP: 13/13
  2539 | D:3      | Offered knowledge of Sandblast by Vehumet.
  2653 | D:3      | Found Etewke's Magic Scroll Shop.
  2660 | D:3      | Bought a scroll of teleportation for 30 gold pieces
  2660 | D:3      | Bought a scroll of identify for 20 gold pieces
  2831 | D:3      | Learned a level 1 spell: Sandblast
  3061 | D:4      | Reached ** piety under Vehumet
  3105 | D:4      | Reached skill level 5 in Spellcasting
  3146 | D:4      | Noticed a centaur
  3155 | D:4      | Killed a centaur
  3156 | D:4      | Reached skill level 5 in Necromancy
  3156 | D:4      | Reached skill level 1 in Conjurations
  3156 | D:4      | Reached skill level 1 in Earth Magic
  3156 | D:4      | Reached XP level 6. HP: 22/36 MP: 5/15
  3936 | D:4      | Killed an ice beast
  4112 | D:5      | Reached XP level 7. HP: 25/40 MP: 8/16
  4461 | D:5      | Reached skill level 5 in Conjurations
  4500 | D:5      | Offered knowledge of Stone Arrow by Vehumet.
  4519 | D:5      | Learned a level 3 spell: Stone Arrow
  4618 | D:5      | Noticed Grinder
  4622 | D:5      | Killed Grinder
  4623 | D:5      | Reached XP level 8. HP: 45/45 MP: 4/17
  5291 | D:6      | Reached skill level 5 in Earth Magic
  5316 | D:7      | Reached *** piety under Vehumet
  5462 | D:7      | Reached XP level 9. HP: 11/49 MP: 7/21
  5466 | D:7      | Offered knowledge of Frozen Ramparts by Vehumet.
  5836 | D:6      | Reached skill level 1 in Fire Magic
  6467 | D:7      | Found an ornate altar of the Wu Jian Council.
  6720 | D:7      | Found a white marble altar of Elyvilon.
  6900 | D:8      | Reached skill level 10 in Conjurations
  6958 | D:8      | Found a flagged portal.
  6967 | Bailey   | Entered a bailey
  6972 | Bailey   | Noticed an orc warlord
  6977 | Bailey   | Reached **** piety under Vehumet
  7025 | Bailey   | Reached skill level 1 in Evocations
  7106 | Bailey   | Offered knowledge of Inner Flame by Vehumet.
  7183 | Bailey   | Found a runed translucent gate.
  7183 | Bailey   | Found a runed translucent gate.
  7183 | Bailey   | Found a runed translucent gate.
  7566 | Bailey   | Killed an orc warlord
  7567 | Bailey   | Reached XP level 10. HP: 54/54 MP: 0/25
  7617 | Bailey   | Identified the +5 morningstar "Orb Guardian's Foe" {heavy,
                  | rElec}
  7704 | D:8      | Acquired 1022 gold pieces
  7819 | D:2      | Bought the +5 robe of Night {Dark Will+ SInv} for 1080 gold
                  | pieces
  7819 | D:2      | Found the +5 robe of Night {Dark Will+ SInv}
  7882 | D:3      | Bought a scroll of identify for 20 gold pieces
  7882 | D:3      | Bought a scroll of identify for 20 gold pieces
  7884 | D:3      | Bought 2 scrolls of enchant armour for 150 gold pieces
  8130 | D:8      | Reached skill level 5 in Fire Magic
  8341 | D:8      | Found a glowing golden altar of the Shining One.
  8433 | D:8      | Reached skill level 10 in Spellcasting
  8467 | D:8      | Identified the +4 flail of Gallantry {flame, Int+5 Dex+6}
  8877 | D:9      | Noticed an angel
  8878 | D:9      | Found a glowing silver altar of Zin.
  8878 | D:9      | Found a shimmering altar of Xom.
  9091 | D:9      | Learned a level 4 spell: Olgreb's Toxic Radiance
  9259 | D:9      | Reached skill level 1 in Poison Magic
  9270 | D:9      | Killed an angel
  9513 | D:9      | Found a staircase to the Lair.
  9560 | D:9      | Reached ***** piety under Vehumet
  9566 | D:9      | Offered knowledge of Plasma Beam by Vehumet.
  9692 | D:9      | Learned a level 6 spell: Plasma Beam
  9828 | D:9      | Reached XP level 11. HP: 60/60 MP: 23/28
 10096 | D:9      | Noticed a necromancer
 10108 | D:9      | Killed a necromancer
 10411 | D:10     | Entered Level 10 of the Dungeon
 10903 | D:10     | Found Loniur's Weapon Shoppe.
 10908 | D:10     | Found a staircase to the Orcish Mines.
 10908 | D:10     | Noticed an orc knight
 10920 | D:10     | Killed an orc knight
 11144 | D:10     | Acquired 588 gold pieces
 11146 | D:10     | Acquired a book of Unlife
 11154 | D:10     | Learned a level 5 spell: Borgnjor's Vile Clutch
 11418 | D:11     | Noticed Josephine
 11437 | D:11     | Killed Josephine
 11802 | D:11     | Noticed Lodul
 11878 | D:11     | Noticed a two-headed ogre
 11881 | D:11     | Killed a two-headed ogre
 11912 | D:11     | Reached skill level 5 in Dodging
 12042 | D:11     | Noticed a boulder beetle
 12052 | D:11     | Killed a boulder beetle
 12218 | D:11     | Killed Lodul
 12431 | D:11     | Reached XP level 12. HP: 66/66 MP: 27/30
 13059 | D:12     | Noticed a boulder beetle
 13066 | D:12     | Killed a boulder beetle
 13601 | D:12     | Identified the ring "Vifiet" {rC++ rN+ Str+2}
 14536 | Lair:1   | Entered Level 1 of the Lair of Beasts
 14543 | Lair:1   | Noticed Gastronok
 14550 | Lair:1   | Killed Gastronok
 14670 | Lair:1   | Offered knowledge of Spellforged Servitor by Vehumet.
 14807 | Lair:1   | Noticed a boulder beetle
 14821 | Lair:1   | Killed a boulder beetle
 14822 | Lair:1   | Reached skill level 5 in Fighting
 15160 | Lair:1   | Reached skill level 1 in Air Magic
 16205 | Lair:2   | Reached XP level 13. HP: 58/72 MP: 15/33
 17080 | Lair:2   | Found a hole to the Spider Nest.
 18097 | Lair:2   | Offered knowledge of Yara's Violent Unravelling by Vehumet.
 18381 | Lair:3   | Found a staircase to the Shoals.
 18383 | Lair:3   | You fall into a shaft and drop 2 floors!
 18383 | Lair:5   | Identified the of Lywyup
 18383 | Lair:5   | Entered Level 5 of the Lair of Beasts
 18408 | Lair:5   | Reached skill level 15 in Conjurations
 18494 | Lair:5   | Found a gate leading to a gauntlet.
 18518 | Gauntlet | Entered a Gauntlet
 18518 | Gauntlet | Found a transporter.
 18612 | Gauntlet | Found a runed translucent door.
 18612 | Gauntlet | Found a transporter.
 18614 | Gauntlet | Found a transporter.
 18622 | Gauntlet | Found a transporter.
 18628 | Gauntlet | Found a runed translucent door.
 18643 | Gauntlet | Found a transporter.
 18652 | Gauntlet | Found a transporter.
 18655 | Gauntlet | Found a transporter.
 18663 | Gauntlet | Found a transporter.
 18682 | Gauntlet | Found a transporter.
 18693 | Gauntlet | Found a transporter.
 18697 | Gauntlet | Found a transporter.
 18705 | Gauntlet | Found a transporter.
 19011 | Gauntlet | Identified the scarf of Youthful Indiscretion {+Inv, Int+2}
 19171 | Gauntlet | Noticed a minotaur
 19186 | Gauntlet | Killed a minotaur
 19682 | Lair:4   | Reached XP level 14. HP: 39/80 MP: 19/34
 20194 | Lair:3   | Found the +8 longbow "Zephyr" {speed, Dex+3 SInv}
 20239 | Lair:3   | Identified the +0 robe of Submission {Dex+5}
 20371 | Lair:3   | Learned a level 2 spell: Blink
 21132 | Lair:4   | Reached skill level 10 in Fire Magic
 21812 | Lair:5   | Offered knowledge of Iskenderun's Battlesphere by Vehumet.
 21851 | Lair:5   | Learned a level 5 spell: Iskenderun's Battlesphere
 21980 | Lair:5   | Reached skill level 5 in Evocations
 22188 | Lair:5   | Found a viscous altar of Jiyva.
 22189 | Lair:5   | Found a staircase to the Slime Pits.
 22367 | Lair:5   | Reached skill level 15 in Spellcasting
 23198 | D:13     | Noticed Rupert
 23210 | D:13     | Killed Rupert
 24138 | D:13     | Found a gate to the Vaults.
 24164 | D:13     | Reached XP level 15. HP: 84/84 MP: 8/36
 24854 | D:14     | Identified the +7 demon trident of a Thousand Ultimatums
                  | {pain, rPois Str+3}
 24907 | D:14     | Offered knowledge of Orb of Destruction by Vehumet.
 24920 | D:14     | Learned a level 7 spell: Orb of Destruction
 25536 | D:15     | Entered Level 15 of the Dungeon
 25736 | D:15     | Found a runed translucent door.
 25736 | D:15     | Noticed Orra's ghost (adept MiAK)
 25840 | D:15     | Found a staircase to the Depths.
 26131 | D:15     | Found a shimmering blue altar of Sif Muna.
 26975 | Orc:1    | Entered Level 1 of the Orcish Mines
 26994 | Orc:1    | Offered knowledge of Starburst by Vehumet.
 27009 | Orc:1    | Learned a level 6 spell: Starburst
 27354 | Orc:2    | Entered Level 2 of the Orcish Mines
 27354 | Orc:2    | Found a staircase to the Elven Halls.
 27365 | Orc:2    | Noticed Blork the orc
 27369 | Orc:2    | Killed Blork the orc
 27438 | Orc:2    | Noticed Jorgrun
 27444 | Orc:2    | Killed Jorgrun
 27482 | Orc:2    | Found Tewomali's Magic Scroll Shoppe.
 27492 | Orc:2    | Bought a scroll of teleportation for 33 gold pieces
 27492 | Orc:2    | Bought a scroll of enchant armour for 82 gold pieces
 27492 | Orc:2    | Bought a scroll of amnesia for 44 gold pieces
 27492 | Orc:2    | Bought a scroll of identify for 22 gold pieces
 27549 | Orc:2    | Noticed Sonja
 27553 | Orc:2    | Killed Sonja
 27554 | Orc:2    | Reached skill level 1 in Shields
 28047 | Orc:2    | Noticed Nergalle
 28051 | Orc:2    | Killed Nergalle
 28095 | Orc:2    | Found Pyafuh's Antique Weapon Shop.
 28108 | Orc:2    | Found Veguirch's Jewellery Shop.
 28125 | Orc:2    | Found Vuijiec's Antique Armour Shop.
 28135 | Orc:2    | Found Neqaden's General Store.
 28141 | Orc:2    | Bought a potion of heal wounds for 60 gold pieces
 28141 | Orc:2    | Bought a wand of quicksilver (4) for 201 gold pieces
 28141 | Orc:2    | Bought a scroll of immolation for 48 gold pieces
 28181 | Orc:2    | Bought a pair of glowing boots for 240 gold pieces
 28188 | Orc:2    | Bought a brightly glowing scale mail for 288 gold pieces
 28188 | Orc:2    | Identified the +1 scale mail "Kojufo" {Harm Dex+3} (You
                  | bought it in a shop on level 2 of the Orcish Mines)
 28210 | Orc:2    | Bought a +6 ring of intelligence for 432 gold pieces
 28285 | Orc:2    | Found a burning altar of Makhleb.
 28517 | Orc:2    | Noticed Azrael
 28529 | Orc:2    | Killed Azrael
 28529 | Orc:2    | Reached ****** piety under Vehumet
 28960 | Spider:1 | Entered Level 1 of the Spider Nest
 28965 | Spider:1 | Offered knowledge of Maxwell's Capacitive Coupling by
                  | Vehumet.
 29654 | Spider:1 | Reached XP level 16. HP: 59/92 MP: 10/38
 30568 | Spider:2 | Identified the "Qese" (You acquired it on level 2 of the
                  | Spider Nest)
 30568 | Spider:2 | Acquired 985 gold pieces
 31039 | Spider:2 | Noticed Roxanne
 31245 | Spider:2 | Offered knowledge of Fire Storm by Vehumet.
 31245 | Spider:2 | Offered knowledge of Chain Lightning by Vehumet.
 31245 | Spider:2 | Offered knowledge of Ignition by Vehumet.
 31262 | Spider:2 | Learned a level 8 spell: Ignition
 32042 | Spider:2 | Killed Roxanne
 32177 | Spider:3 | Found a corrupted altar of Lugonu.
 32177 | Spider:3 | Found a one-way gate to the infinite horrors of the Abyss.
 32251 | Spider:3 | Found a runed translucent gate.
 32252 | Spider:3 | Found a runed translucent gate.
 32253 | Spider:3 | Found a runed translucent gate.
 32258 | Spider:3 | Noticed Ycoraneent's ghost (adept NaEE)
 32685 | Spider:3 | Learned a level 5 spell: Fireball
 33335 | Spider:4 | Entered Level 4 of the Spider Nest
 33614 | Spider:4 | Identified the serpent talisman "Syacimoc" {rC+}
 33614 | Spider:4 | Noticed Aizul
 33620 | Spider:4 | Killed Aizul
 33745 | Spider:4 | Reached skill level 15 in Fire Magic
 33978 | Spider:4 | Reached XP level 17. HP: 97/97 MP: 41/41
 33978 | Spider:4 | Found the sphere of Battle
 34218 | Spider:4 | Learned a level 9 spell: Fire Storm
 34236 | Spider:4 | Got a gossamer rune of Zot
 35088 | Shoals:1 | Entered Level 1 of the Shoals
 35443 | Shoals:1 | Identified the +9 falchion "Beastbane" {protect, Str+4
                  | Dex+2}
 35458 | Shoals:1 | Noticed Mlioglotl
 36182 | Shoals:1 | Killed Mlioglotl
 37057 | Shoals:2 | Found a large runed translucent door.
 37057 | Shoals:2 | Found a large runed translucent door.
 37103 | Shoals:2 | Noticed Unit's ghost (journeyman DsVM)
 37118 | Shoals:2 | Killed Unit's ghost
 37306 | Shoals:2 | Noticed a kraken
 37310 | Shoals:2 | Killed a kraken
 37782 | Shoals:3 | Noticed Ilsuiw
 37784 | Shoals:3 | Killed Ilsuiw
 38075 | Shoals:3 | Reached XP level 18. HP: 101/103 MP: 29/44
 38863 | Shoals:4 | Entered Level 4 of the Shoals
 39284 | Shoals:4 | Identified the +10 plate armour of Joewiam {rN++}
 39363 | Shoals:4 | Got a barnacled rune of Zot
 40275 | Depths:2 | Identified the "Loecw"
 40275 | Depths:3 | Identified the "Amisep"
 40275 | Elf:1    | Identified the "Xumiorph"
 40275 | Elf:1    | Entered Level 1 of the Elven Halls
 40443 | Elf:1    | Found a runed translucent door.
 40684 | Elf:1    | Found a transporter.
 40711 | Elf:1    | Found a transporter.
 40714 | Elf:1    | Noticed Unit's ghost (adept DrCA)
 40783 | Elf:1    | Found Pucvun's Assorted Antiques.
 40790 | Elf:1    | Bought a potion of invisibility for 296 gold pieces
 41075 | Elf:1    | Learned a level 2 spell: Sublimation of Blood
 41237 | Elf:1    | Found a hide-covered altar of Uskayaw.
 41584 | Elf:2    | Found a runed translucent gate.
 41585 | Elf:2    | Found a runed translucent gate.
 41585 | Elf:2    | Found a runed translucent gate.
 41619 | Elf:2    | Found Panku's Antique Weapon Emporium.
 41691 | Elf:2    | Learned a level 9 spell: Chain Lightning
 41877 | Elf:2    | Found Notav's Antique Weapon Shoppe.
 42052 | Elf:2    | Reached XP level 19. HP: 107/107 MP: 37/46
 42070 | Elf:2    | Noticed Zenata
 42073 | Elf:2    | Killed Zenata
 42645 | Elf:3    | Identified the "Fahyblie"
 42645 | Elf:3    | Identified the "Tuvvaegh"
 42645 | Elf:3    | Entered Level 3 of the Elven Halls
 42833 | Elf:3    | Identified the dragon-blood talisman of Uklasm {+Blink rC-
                  | Will+ rCorr}
 42833 | Elf:3    | Noticed Bai Suzhen
 42837 | Elf:3    | Killed Bai Suzhen
 43327 | Elf:3    | Found an ancient bone altar of Kikubaaqudgha.
 43481 | Elf:3    | Identified the ring "Iluixano" {rElec Str+6}
 43573 | Elf:3    | Identified the amulet "Mefitzoi" {RegenMP Int+7}
 43573 | Elf:3    | Identified the +5 great sword "Boidut" {flame, Str+6}
 43573 | Elf:3    | Identified the ring "Losed" {Fly rF+ Str+4 Int+3}
 43656 | Elf:3    | Identified the +5 orcbow "Fofy" {heavy, Drain rF++ rCorr
                  | Str+4 Dex+3}
 43658 | Elf:3    | Identified the +2 pair of gloves "Heon" {Fly rElec Dex+3}
 43701 | Elf:3    | Identified the staff of Resourcefulness {rPois Int+3
                  | Poison}
 43703 | Elf:3    | Identified the +5 hand axe "Kous" {venom, *Slow rElec rPois
                  | Int+6}
 43721 | Elf:3    | Identified the +4 mace "Qengurra" {drain, rPois}
 43743 | Elf:3    | Identified the +0 chain mail of Perfidy {rC++}
 44119 | Elf:3    | Found Yngaohy's Weapon Boutique.
 44283 | Vaults:1 | Entered Level 1 of the Vaults
 44320 | Vaults:1 | Found a magical portal.
 44325 | WizLab   | Entered Alistair's Party Mansion
 44482 | WizLab   | Reached XP level 20. HP: 112/112 MP: 43/48
 44676 | WizLab   | Acquired a staff of fire
 44983 | Vaults:1 | Reached skill level 1 in Armour
 45295 | Vaults:1 | Noticed Asterion
 45298 | Vaults:1 | Killed Asterion
 45433 | Vaults:1 | Found Evaneas's Antique Weapon Shop.
 45459 | Vaults:1 | Found a portal to a secret trove of treasure.
 45466 | Trove    | Entered a treasure trove
 45468 | Trove    | Found the necklace of Bloodlust {Fury *Rage Will++ Int-3
                  | Slay+6}
 45468 | Trove    | Found the ring of the Hare {EV+10}
 45470 | Trove    | Identified the ring of Niheucaa {Ice MP+9 Dex+3}
 45472 | Trove    | Identified the ring "Jiklyub" {rPois rCorr Dex+3}
 45473 | Trove    | Identified the ring of the Three Prophets {Fly rPois rCorr
                  | Str+3 Dex+3}
 45477 | Trove    | Identified the ring "Noitz" {Fly rF+ Will+ Str-3 Slay+3}
 45478 | Trove    | Identified the ring of Lile {rN+ Will+ Dex+4}
 45480 | Trove    | Identified the amulet of Ebro {Faith rC+}
 45485 | Trove    | Identified the amulet of Lafosege {Acrobat rF+ Int+3}
 45486 | Trove    | Identified the ring of Ignis, Bespelling {rF+ rC+++ rN+
                  | Will+ Slay-3}
 45527 | Trove    | Identified the ring of a Thousand Persimmons {Fire Stlth+}
 46605 | Vaults:2 | Reached skill level 5 in Armour
 47285 | Vaults:2 | Reached skill level 10 in Fighting
 47510 | Vaults:2 | Found a staircase to the Crypt.
 48272 | Vaults:3 | Reached XP level 21. HP: 122/122 MP: 42/49
 48545 | Vaults:3 | You are sucked into a shaft and drop 1 floor!
 48666 | Vaults:4 | Found a flickering gateway to a bazaar.
 48678 | Bazaar   | Entered a bazaar
 48681 | Bazaar   | Found Icrop's Jewellery Shop.
 48755 | Bazaar   | Found Cafodul's Armour Shop.
 48779 | Bazaar   | Found Tuisiz's Assorted Antiques.
 48785 | Bazaar   | Bought a scroll of teleportation for 87 gold pieces
 48785 | Bazaar   | Bought a scroll of teleportation for 87 gold pieces
 48785 | Bazaar   | Bought a potion of curing for 87 gold pieces
 48796 | Bazaar   | Found Yfametos's Antique Armour Shop.
 48802 | Bazaar   | Bought a pair of runed boots for 180 gold pieces
 48828 | Bazaar   | Bought the ring of the Final Decision {*Slow rElec EV+5
                  | Dex+3 Stlth+} for 481 gold pieces
 48834 | Bazaar   | Bought the ring of Dirghiyme {Str+3 Int+6} for 443 gold
                  | pieces
 48851 | Bazaar   | Bought a +1 cloak of willpower for 181 gold pieces
 48884 | Vaults:4 | Noticed Mennas
 49271 | Vaults:4 | Killed Mennas
 49569 | Vaults:4 | Reached skill level 10 in Dodging
 50045 | Vaults:4 | Reached skill level 5 in Air Magic
 50775 | Vaults:3 | Reached XP level 22. HP: 130/130 MP: 40/51
 51103 | Vaults:5 | Entered Level 5 of the Vaults
 51130 | Vaults:5 | Noticed a golden dragon
 51132 | Vaults:5 | Killed a golden dragon
 51150 | Vaults:5 | Reached skill level 10 in Air Magic
 51387 | Vaults:5 | Noticed an ancient lich
 51387 | Vaults:5 | Identified the ring "Caqew" {rPois rF++ rN+ Str-5 Int+3}
 51388 | Vaults:5 | Killed an ancient lich
 51493 | Vaults:5 | Noticed an ancient lich
 51494 | Vaults:5 | Killed an ancient lich
 51611 | Vaults:5 | Reached XP level 23. HP: 138/138 MP: 48/53
 51806 | Vaults:5 | Identified the +8 kite shield of the Albatross {rElec Str+5
                  | Slay+2}
 52172 | Vaults:5 | Identified the staff "Ohohof" {rC+ MP-9 Dex+3 Stlth+ Conj}
 52186 | Vaults:5 | Identified the staff "Juot Gui" {rF+ Int+2 Fire}
 52424 | Vaults:5 | Got a silver rune of Zot
 52519 | Vaults:5 | Identified the +5 rapier of Wodoboz {elec, Fly Int+3}
 52692 | Depths:1 | Entered Level 1 of the Depths
 52696 | Depths:1 | Reached skill level 1 in Shapeshifting
 53160 | Depths:1 | Noticed Ynau's ghost (veteran MiCA)
 53183 | Depths:1 | Found a runed translucent gate.
 53184 | Depths:1 | Found a runed translucent gate.
 53185 | Depths:1 | Found a runed translucent gate.
 53195 | Depths:1 | Killed Ynau's ghost
 53328 | Depths:1 | Reached skill level 5 in Shapeshifting
 53333 | Depths:1 | Found a one-way gate leading to the halls of Pandemonium.
 53806 | Depths:2 | Reached skill level 10 in Shapeshifting
 53850 | Depths:2 | Noticed a juggernaut
 53853 | Depths:2 | Killed a juggernaut
 53892 | Depths:2 | Identified the +11 shortbow "Ogre's Curse" {freeze, rElec
                  | rC+ MP+9 Str-2}
 54078 | Depths:2 | Found a one-way gateway to a ziggurat.
 54106 | Zot:3    | Identified the "Zoesun Sum"
 54106 | Zot:3    | Identified the "Memax"
 54106 | Slime:5  | Identified the "Hiqosky"
 54106 | Slime:5  | Identified the of Plog
 54106 | Tomb:3   | Identified the "Puppevy"
 54106 | Tar:7    | Identified the of Pixkic
 54106 | Dis:7    | Identified the "Hiopri"
 54106 | Dis:7    | Identified the of Qossor
 54106 | Zig:1    | Entered Level 1 of a ziggurat
 54106 | Zig:1    | Noticed a curse toe
 54108 | Zig:1    | Killed a curse toe
 54120 | Zig:2    | Entered Level 2 of a ziggurat
 54137 | Zig:3    | Entered Level 3 of a ziggurat
 54153 | Zig:3    | Identified the ring "Geri" {rElec rC+ Will+ rCorr}
 54163 | Zig:4    | Entered Level 4 of a ziggurat
 54165 | Zig:4    | Reached XP level 24. HP: 148/148 MP: 53/53
 54190 | Zig:5    | Entered Level 5 of a ziggurat
 54192 | Zig:5    | Noticed a shard shrike
 54193 | Zig:5    | Killed a shard shrike
 54213 | Zig:6    | Entered Level 6 of a ziggurat
 54216 | Zig:6    | Found the +3 Elemental Staff {ele, rElec rF+ rC+ AC+3}
 54240 | Zig:7    | Identified the "Usayfoi"
 54240 | Zig:7    | Entered Level 7 of a ziggurat
 54258 | Zig:7    | Reached XP level 25. HP: 152/152 MP: 53/53
 54261 | Zig:7    | Identified the +2 halberd "Idu Rihau" {spect, Contam rC+
                  | Int+8 SInv}
 54266 | Zig:7    | Reached XP level 26. HP: 158/158 MP: 53/53
 54267 | Zig:7    | Identified the ring of Gevox {Fire rN+ Dex+3}
 54272 | Zig:8    | Entered Level 8 of a ziggurat
 54280 | Zig:8    | Reached skill level 15 in Shapeshifting
 54308 | Zig:8    | Identified the +2 scimitar "Fomobly" {freeze, Drain Fly rF+
                  | Dex+3}
 54310 | Zig:8    | Identified the +7 short sword of Feygiari {drain, rC+}
 54321 | Zig:8    | Learned a level 8 spell: Lehudib's Crystal Spear
 54322 | Zig:9    | Entered Level 9 of a ziggurat
 54326 | Zig:9    | Noticed Ykergh the pandemonium lord
 54328 | Zig:9    | Killed Ykergh the pandemonium lord
 54348 | Zig:9    | Identified the +3 dagger "Xevinga" {freeze, rCorr Str+3
                  | SInv}
 54350 | Zig:10   | Identified the "Lulir"
 54350 | Zig:10   | Entered Level 10 of a ziggurat
 54383 | Zig:11   | Entered Level 11 of a ziggurat
 54391 | Zig:11   | Noticed Cuobass the pandemonium lord
 54391 | Zig:11   | Noticed Maskuaf the pandemonium lord
 54392 | Zig:11   | Noticed Tuutonacaq the pandemonium lord
 54393 | Zig:11   | Killed Tuutonacaq the pandemonium lord
 54394 | Zig:11   | Killed Maskuaf the pandemonium lord
 54394 | Zig:11   | Killed Cuobass the pandemonium lord
 54401 | Zig:11   | Identified the +6 quarterstaff "Zegh" {venom, rF+ Str+4}
 54402 | Zig:11   | Identified the staff "Pendulum" {rN+ Int+2 Conj}
 54403 | Zig:11   | Identified the ring "Iloxutt" {Wiz +Blink rC+ Will+ Str+2}
 54415 | Zig:12   | Entered Level 12 of a ziggurat
 54459 | Zig:13   | Entered Level 13 of a ziggurat
 54469 | Zig:13   | Killed an ancient lich
 54493 | Zig:13   | Reached XP level 27. HP: 144/163 MP: 53/53
 54496 | Zig:14   | Identified the "Kineh"
 54496 | Zig:14   | Entered Level 14 of a ziggurat
 54506 | Zig:14   | Noticed an ancient lich
 54507 | Zig:14   | Killed an ancient lich
 54508 | Zig:14   | Noticed a dread lich
 54508 | Zig:14   | Noticed an ancient lich
 54510 | Zig:14   | Killed a dread lich
 54510 | Zig:14   | Killed an ancient lich
 54524 | Zig:14   | Identified the +1 pair of gloves "Gaptoib" {Harm rC-
                  | Slay+3}
 54540 | Zig:14   | Identified the +0 dagger "Getz" {antimagic, rC+++ rN+ Str+2
                  | Stlth-}
 54552 | Zig:15   | Identified the "Vynoagih"
 54552 | Zig:15   | Entered Level 15 of a ziggurat
 54600 | Zig:16   | Entered Level 16 of a ziggurat
 54617 | Zig:16   | Noticed an ancient lich
 54618 | Zig:16   | Killed an ancient lich
 54619 | Zig:16   | Found the brooch of Shielding {Spirit SH+8}
 54620 | Zig:16   | Killed an ancient lich
 54642 | Zig:17   | Entered Level 17 of a ziggurat
 54699 | Zig:18   | Entered Level 18 of a ziggurat
 54737 | Zig:18   | Found the +5 scythe "Finisher" {speed, execute}
 54753 | Zig:18   | Identified the ring "Rys Rack" {Fire +Blink Will- Int+5}
 54754 | Zig:18   | Identified the +9 short sword of Arimyru {drain, Will+}
 54766 | Zig:18   | Identified the +7 storm dragon scales "Ohat" {rElec rC+ rN+
                  | Dex-2}
 54776 | Zig:19   | Identified the "Iplennakih"
 54776 | Zig:19   | Entered Level 19 of a ziggurat
 54804 | Zig:19   | Found the +3 hat of Pondering {ponderous, Will+ MP+10
                  | Int+5}
 54808 | Zig:19   | Identified the ring "Ralygumo" {Ice rElec rCorr Int-4
                  | Dex+3}
 54843 | Zig:20   | Identified the of Baetydiy
 54843 | Zig:20   | Entered Level 20 of a ziggurat
 54857 | Zig:20   | Noticed an ancient lich
 54858 | Zig:20   | Noticed a dread lich
 54861 | Zig:20   | Killed an ancient lich
 54862 | Zig:20   | Reached skill level 15 in Fighting
 54862 | Zig:20   | Killed a dread lich
 54865 | Zig:20   | Noticed an ancient lich
 54867 | Zig:20   | Killed an ancient lich
 54868 | Zig:20   | Noticed an ancient lich
 54869 | Zig:20   | Killed an ancient lich
 54870 | Zig:20   | Reached skill level 15 in Air Magic
 54885 | Zig:20   | Identified the ring of Ytupraisk {Wiz *Corrode Fly Dex+5
                  | SInv}
 54893 | Zig:20   | Identified the orb of the Blind Marksman {*channel, Harm
                  | Dex+2 Stlth+}
 54898 | Zig:20   | Identified the ring of Wonder {rF+ Str+4 SInv}
 54902 | Zig:20   | Identified the staff of Vunteck {rC++ Dex+2 Earth}
 54916 | Zig:21   | Entered Level 21 of a ziggurat
 54970 | Zig:21   | Identified the ring of Vanity {rPois rCorr AC+4 Int+3
                  | Stlth+}
 54990 | Zig:21   | Identified the +1 robe of Bitterness {rN+ Dex+4 Archmagi}
 54992 | Zig:21   | Identified the ring of Nuirch {MP+9 Int+5}
 54999 | Zig:21   | Identified the ring "Zoejaski" {rF++ AC+4 Str+5 Dex-2}
 55002 | Zig:22   | Entered Level 22 of a ziggurat
 55058 | Zig:22   | Acquired a book of Flames
 55062 | Zig:23   | Entered Level 23 of a ziggurat
 55109 | Zig:23   | Acquired Maxwell's Memoranda
 55143 | Zig:24   | Entered Level 24 of a ziggurat
 55249 | Zig:24   | Found the +10 dark maul {heavy}
 55279 | Zig:24   | Identified the amulet of the Jackalope {Acrobat Contam
                  | Will+ Str+3}
 55311 | Zig:25   | Identified the "Yteusucw"
 55311 | Zig:25   | Entered Level 25 of a ziggurat
 55392 | Zig:25   | Identified the +5 dagger of Yredelemnul's Fury {freeze,
                  | rElec rC+ Str+4}
 55399 | Zig:25   | Identified the +0 sling of Uncertain Death {flame, rCorr
                  | Str+4 SInv}
 55409 | Zig:26   | Identified the "Jybruoxo"
 55409 | Zig:26   | Entered Level 26 of a ziggurat
 55437 | Zig:26   | Reached skill level 27 in Spellcasting
 55497 | Zig:26   | Identified the +0 ring mail of the Hart {rPois rN+ MP-9
                  | SInv}
 55500 | Zig:27   | Identified the "Deyr"
 55500 | Zig:27   | Identified the "Ciats"
 55500 | Zig:27   | Entered Level 27 of a ziggurat
 55529 | Zig:27   | Reached skill level 15 in Dodging
 55532 | Zig:27   | Reached skill level 10 in Earth Magic
 55614 | Zig:27   | Learned a level 9 spell: Shatter
 56012 | Slime:1  | Entered Level 1 of the Pits of Slime
 56040 | Slime:1  | Reached skill level 1 in Translocations
 56090 | Slime:5  | Entered Level 5 of the Pits of Slime
 56110 | Slime:5  | Killed the Royal Jelly
 56146 | Slime:5  | Identified the amulet of Amorality {Acrobat rPois rC+
                  | Slay+3}
 56149 | Slime:5  | Identified the staff of the Solstice {MP-9 Str+4 SInv Conj}
 56158 | Slime:5  | Identified the +0 swamp dragon scales of Mukkyz {Harm +Inv
                  | Fly rPois Str+7}
 56182 | Slime:5  | Got a slimy rune of Zot
 56192 | Slime:5  | Identified the staff of Untimely Demise {rPois rF+ Int+4
                  | Poison}
 56194 | Slime:5  | Identified the ring "Vocsoy Jaryr" {rC+ Str+3 Dex+3}
 56225 | Slime:5  | Identified the ring "Miareb" {rElec rF++ rCorr Str+6}
 56664 | Crypt:1  | Entered Level 1 of the Crypt
 56689 | Crypt:1  | Reached skill level 15 in Earth Magic
 56737 | Crypt:3  | Entered Level 3 of the Crypt
 56761 | Crypt:3  | Noticed Margery
 56763 | Crypt:3  | Killed Margery
 56785 | Crypt:3  | Noticed an ancient lich
 56788 | Crypt:3  | Killed an ancient lich
 56790 | Crypt:3  | Found an ancient bone altar of Kikubaaqudgha.
 56805 | Crypt:3  | Found the +13 scythe of Curses {drain, curses, Drain}
 56879 | Crypt:3  | Found a staircase to the Tomb.
 56892 | Tomb:1   | Entered Level 1 of the Tomb of the Ancients
 56897 | Tomb:1   | Noticed a royal mummy
 56899 | Tomb:1   | Killed a royal mummy
 56903 | Tomb:1   | Noticed a royal mummy
 56905 | Tomb:1   | Killed a royal mummy
 56912 | Tomb:1   | Noticed a royal mummy
 56915 | Tomb:1   | Killed a royal mummy
 56918 | Tomb:1   | Noticed a royal mummy
 56918 | Tomb:1   | Noticed a royal mummy
 56920 | Tomb:1   | Killed a royal mummy
 56920 | Tomb:1   | Killed a royal mummy
 56924 | Tomb:1   | Noticed a royal mummy
 56924 | Tomb:1   | Noticed a royal mummy
 56926 | Tomb:1   | Killed a royal mummy
 56928 | Tomb:1   | Killed a royal mummy
 56931 | Tomb:1   | Noticed a royal mummy
 56933 | Tomb:1   | Killed a royal mummy
 56935 | Tomb:1   | Noticed a royal mummy
 56939 | Tomb:1   | Noticed a royal mummy
 56939 | Tomb:1   | Noticed a royal mummy
 56941 | Tomb:1   | Killed a royal mummy
 56941 | Tomb:1   | Killed a royal mummy
 56941 | Tomb:1   | Killed a royal mummy
 56944 | Tomb:1   | Noticed a royal mummy
 56947 | Tomb:1   | Killed a royal mummy
 56973 | Tomb:1   | Noticed a royal mummy
 56975 | Tomb:1   | Killed a royal mummy
 57003 | Tomb:2   | Noticed a royal mummy
 57003 | Tomb:2   | Noticed a royal mummy
 57003 | Tomb:2   | Noticed a royal mummy
 57003 | Tomb:2   | Noticed a royal mummy
 57005 | Tomb:2   | Killed a royal mummy
 57005 | Tomb:2   | Killed a royal mummy
 57006 | Tomb:2   | Killed a royal mummy
 57006 | Tomb:2   | Killed a royal mummy
 57094 | Tomb:3   | Entered Level 3 of the Tomb of the Ancients
 57103 | Tomb:3   | Noticed a royal mummy
 57104 | Tomb:3   | Noticed a royal mummy
 57106 | Tomb:3   | Killed a royal mummy
 57108 | Tomb:3   | Killed a royal mummy
 57113 | Tomb:3   | Noticed a royal mummy
 57116 | Tomb:3   | Noticed a royal mummy
 57117 | Tomb:3   | Killed a royal mummy
 57117 | Tomb:3   | Noticed a royal mummy
 57119 | Tomb:3   | Killed a royal mummy
 57119 | Tomb:3   | Killed a royal mummy
 57125 | Tomb:3   | Noticed a royal mummy
 57126 | Tomb:3   | Noticed a royal mummy
 57128 | Tomb:3   | Killed a royal mummy
 57132 | Tomb:3   | Killed a royal mummy
 57132 | Tomb:3   | Noticed a royal mummy
 57135 | Tomb:3   | Paralysed by a Zot trap for 3 turns
 57138 | Tomb:3   | Killed a royal mummy
 57138 | Tomb:3   | Noticed a royal mummy
 57140 | Tomb:3   | Killed a royal mummy
 57143 | Tomb:3   | Got a golden rune of Zot
 57186 | Tomb:3   | Found the +5 demon whip "Spellbinder" {antimagic, disrupt,
                  | Will+}
 57187 | Tomb:3   | Found the +10 Black Knight's barding {ponderous, rPois rN+}
 57193 | Tomb:3   | Identified the +6 trident "Mimu Sun" {chaos, rN+}
 57196 | Tomb:3   | Identified the +4 cloak of Qazlal's Displeasure {Will-
                  | Str+4}
 57197 | Tomb:3   | Identified the ring of Quoroun {rCorr Int+6}
 57198 | Tomb:3   | Identified the +2 ring mail of Terror {-Tele rPois Int+3}
 57403 | D:15     | Killed Orra's ghost
 57490 | Pan      | Entered Pandemonium
 57556 | Pan      | Reached skill level 1 in Long Blades
 57562 | Pan      | Noticed Qucviot the pandemonium lord
 57564 | Pan      | Killed Qucviot the pandemonium lord
 57590 | Pan      | Reached skill level 5 in Long Blades
 57639 | Pan      | Got a demonic rune of Zot
 57647 | Pan      | Entered the realm of Lom Lobon.
 57649 | Pan      | Upgraded the game from 0.31-a0-1001-g770356a to
                  | 0.31-a0-1002-g8e65716
 57820 | Pan      | Noticed Lom Lobon
 57825 | Pan      | Killed Lom Lobon
 57845 | Pan      | Got a magical rune of Zot
 57853 | Pan      | Reached skill level 10 in Long Blades
 57913 | Pan      | Noticed Woucw the pandemonium lord
 57917 | Pan      | Killed Woucw the pandemonium lord
 58120 | Pan      | Noticed Polanerch the pandemonium lord
 58122 | Pan      | Killed Polanerch the pandemonium lord
 58204 | Pan      | Noticed Viafarur the pandemonium lord
 58206 | Pan      | Killed Viafarur the pandemonium lord
 58270 | Pan      | Noticed Gacahere the pandemonium lord
 58272 | Pan      | Killed Gacahere the pandemonium lord
 58274 | Abyss:2  | Cast into level 2 of the Abyss (+3 demon trident of
                  | distortion)
 58313 | Abyss:3  | Learned a level 1 spell: Apportation
 58314 | Abyss:3  | Got an abyssal rune of Zot
 58339 | Pan      | Escaped the Abyss
 58547 | Pan      | Entered the realm of Gloorx Vloq.
 58553 | Pan      | Found an exit through the horrors of the Abyss.
 58573 | Pan      | Noticed Ignacio
 58576 | Pan      | Killed Ignacio
 58647 | Pan      | Noticed Gloorx Vloq
 58652 | Pan      | Killed Gloorx Vloq
 58664 | Pan      | Got a dark rune of Zot
 58745 | Pan      | Identified the "Caesuruh"
 58745 | Pan      | Identified the "Xuhuiv"
 58745 | Pan      | Identified the "Sibb"
 58745 | Pan      | Entered the realm of Cerebov.
 58785 | Pan      | Identified the +1 leather armour of the Swamp {-Cast rN+
                  | Regen+ Dex+6}
 58787 | Pan      | Identified the +8 falchion "Hydraslayer" {antimagic, *Noise
                  | +Blink rPois}
 58807 | Pan      | Found the +6 sword of Cerebov {flame}
 58807 | Pan      | Noticed Cerebov
 58812 | Pan      | Killed Cerebov
 58813 | Pan      | Reached skill level 15 in Long Blades
 58817 | Pan      | Got a fiery rune of Zot
 59038 | Pan      | Entered the realm of Mnoleg.
 59045 | Pan      | Found an exit through the horrors of the Abyss.
 59056 | Pan      | Noticed Mnoleg
 59060 | Pan      | Killed Mnoleg
 59096 | Pan      | Got a glowing rune of Zot
 59125 | Pan      | Took an exit into the Abyss.
 59125 | Abyss:3  | Escaped into the Abyss
 59146 | Depths:1 | Escaped the Abyss
 59198 | Depths:3 | Found a transporter.
 59199 | Depths:3 | Found a transporter.
 59210 | Depths:3 | Identified the +2 hat of the Chupacabra {Harm *Slow rCorr
                  | Slay+6}
 59225 | Depths:3 | Identified the amulet of Ryitufylo {Reflect rCorr Slay+3
                  | SH+5}
 59241 | Depths:3 | Found a gateway to Hell.
 59265 | Hell     | Entered the Vestibule of Hell
 59265 | Hell     | Noticed Geryon
 59270 | Hell     | Killed Geryon
 59295 | Hell     | Found a gateway to the decaying netherworld of Tartarus.
 59310 | Tar:1    | Entered Level 1 of Tartarus
 59377 | Tar:3    | Reached skill level 27 in Fighting
 59539 | Tar:6    | Reached skill level 10 in Armour
 59556 | Tar:7    | Entered Level 7 of Tartarus
 59589 | Tar:7    | Reached skill level 10 in Stealth
 59628 | Tar:7    | Got a bone rune of Zot
 59631 | Tar:7    | Reached skill level 10 in Necromancy
 59638 | Tar:7    | Noticed Ereshkigal
 59737 | Hell     | Found a gateway to the freezing wastes of Cocytus.
 59760 | Coc:1    | Entered Level 1 of Cocytus
 60035 | Coc:6    | Reached skill level 10 in Evocations
 60052 | Coc:7    | Entered Level 7 of Cocytus
 60055 | Coc:7    | Noticed the Serpent of Hell
 60059 | Coc:7    | Killed the Serpent of Hell
 60107 | Coc:7    | Reached skill level 15 in Stealth
 60131 | Coc:7    | Noticed Antaeus
 60139 | Coc:7    | Killed Antaeus
 60157 | Coc:7    | Got an icy rune of Zot
 60159 | Coc:7    | Identified the +1 robe of Purpose {Int+3}
 60160 | Coc:7    | Identified the ring of Viemny {Wiz Contam rF++ Int+4 Dex+3}
 60178 | Coc:7    | Identified the +1 ring mail "Septaeg" {rElec Int+3}
 60216 | Coc:7    | Learned a level 9 spell: Polar Vortex
 60252 | Hell     | Found a gateway to the Iron City of Dis.
 60266 | Dis:1    | Entered Level 1 of the Iron City of Dis
 60268 | Dis:1    | Reached skill level 1 in Ice Magic
 60284 | Dis:2    | Reached skill level 5 in Ice Magic
 60299 | Dis:2    | Reached skill level 10 in Ice Magic
 60326 | Dis:3    | Noticed a dread lich
 60328 | Dis:3    | Killed a dread lich
 60329 | Dis:3    | Noticed a dread lich
 60330 | Dis:3    | Killed a dread lich
 60344 | Dis:4    | Reached skill level 15 in Ice Magic
 60395 | Dis:5    | Found a huge runed gate.
 60395 | Dis:5    | Found a huge runed gate.
 60395 | Dis:5    | Found a huge runed gate.
 60396 | Dis:5    | Found a huge runed gate.
 60397 | Dis:5    | Found a huge runed gate.
 60397 | Dis:5    | Found a huge runed gate.
 60495 | Dis:5    | Found a huge runed gate.
 60495 | Dis:5    | Found a huge runed gate.
 60496 | Dis:5    | Found a huge runed gate.
 60498 | Dis:5    | Found a huge runed gate.
 60499 | Dis:5    | Found a huge runed gate.
 60500 | Dis:5    | Found a huge runed gate.
 60501 | Dis:5    | Found a huge runed gate.
 60503 | Dis:5    | Found a huge runed gate.
 60503 | Dis:5    | Found a huge runed gate.
 60504 | Dis:5    | Found a huge runed gate.
 60504 | Dis:5    | Found a huge runed gate.
 60504 | Dis:5    | Found a huge runed gate.
 60504 | Dis:5    | Found a huge runed gate.
 60514 | Dis:7    | Entered Level 7 of the Iron City of Dis
 60594 | Dis:7    | Noticed a juggernaut
 60598 | Dis:7    | Killed a juggernaut
 60631 | Dis:7    | Noticed a juggernaut
 60633 | Dis:7    | Killed a juggernaut
 60647 | Dis:7    | Noticed Dispater
 60656 | Dis:7    | Killed Dispater
 60666 | Dis:7    | Identified the +8 short sword of Prudence {venom, *Noise
                  | rN+ Str+3 Stlth+}
 60668 | Dis:7    | Got an iron rune of Zot
 60677 | Dis:7    | Identified the ring "Osail" {rCorr MP+9 Str+3 Int+2 Dex-3}
 60766 | Hell     | Found a gateway to the ashen valley of Gehenna.
 60777 | Geh:1    | Entered Level 1 of Gehenna
 60983 | Geh:5    | Noticed an ancient lich
 60985 | Geh:5    | Killed an ancient lich
 61010 | Geh:7    | Entered Level 7 of Gehenna
 61127 | Geh:7    | Found the +13 sceptre of Asmodeus
 61127 | Geh:7    | Noticed Asmodeus
 61134 | Zig:1    | Entered Level 1 of a ziggurat
 61187 | Geh:7    | Got an obsidian rune of Zot
 61204 | Geh:7    | Killed Asmodeus
 61289 | Depths:4 | Entered Level 4 of the Depths
 61346 | Depths:4 | Found a runed translucent door.
 61348 | Depths:4 | Found a runed translucent door.
 61349 | Depths:4 | Noticed the Enchantress
 61351 | Depths:4 | Killed the Enchantress
 61386 | Depths:4 | Found a gate to the Realm of Zot.
 61421 | Zot:1    | Entered Level 1 of the Realm of Zot
 61424 | Zot:1    | Noticed Vv
 61426 | Zot:1    | Killed Vv
 61445 | Zot:1    | Reached skill level 27 in Ice Magic
 61484 | Zot:2    | Found a shimmering altar of Xom.
 61536 | Zot:2    | Found a shimmering altar of Xom.
 61655 | Zot:5    | Entered Level 5 of the Realm of Zot
 61663 | Zot:5    | Noticed a dread lich
 61664 | Zot:5    | Killed a dread lich
 61692 | Zot:5    | Noticed a dread lich
 61696 | Zot:5    | Killed a dread lich
 61698 | Zot:5    | Noticed an orb of fire
 61702 | Zot:5    | Killed an orb of fire
 61706 | Zot:5    | Noticed an ancient lich
 61708 | Zot:5    | Killed an ancient lich
 61771 | Zot:5    | Noticed an ancient lich
 61774 | Zot:5    | Killed an ancient lich
 61797 | Zot:5    | Noticed an orb of fire
 61801 | Zot:5    | Killed an orb of fire
 61805 | Zot:5    | Noticed an ancient lich
 61808 | Zot:5    | Killed an ancient lich
 61817 | Zot:5    | Got the Orb of Zot
 61859 | Zot:5    | Noticed Hyppaze the pandemonium lord
 61859 | Zot:5    | Noticed an ancient lich
 62016 | Depths:1 | Noticed Ygovyexu the pandemonium lord
 62018 | Depths:1 | Killed Ygovyexu the pandemonium lord
 62179 | D:9      | Noticed Zunoidut the pandemonium lord
 62328 | D:$      | Escaped with the Orb!

Illustrated notes

Levels and vault maps discovered:
D:1:      scummos_arrival_simple_fountains, layout_rooms,
          chequers_ecumenical_altar_island, minivault_26, dk_noncrumbling_4
D:2:      layout_loops_ring, serial_shops, shop, cheibrodos_gnoll_hut
D:3:      layout_basic, nzn_hepliaklqana_mist_gate, cheibrodos_sewer_entry_bend,
          serial_shops, shop, dreamdust_mushroom_princess
D:4:      layout_cave_pods, mainiacjoe_overflow_catwalk_spiral
D:5:      layout_loops_ring, chequers_garden, uniq_grinder
D:6:      layout_loops_ring, minmay_temple_entry_tees, hex_tiny
D:7:      layout_gridville, general_overflow_altar, lemuel_doored_altar
D:8:      layout_loops_ring, old_standard_altar, enter_bailey_8,
          kennysheep_just_a_vault
D:9:      layout_big_octagon, grunt_temple_overflow_order_and_chaos_1,
          lair_entry_dummy, eino_house_with_fridge
D:10:     layout_loops_ring, orc_david_3
D:11:     layout_roguey, uniq_josephine, uniq_lodul
D:12:     layout_gridville
D:13:     layout_gridville, david_vaults_1, kennysheep_generic_room_16,
          uniq_rupert
D:14:     layout_grid_maze, hangedman_decor_push
D:15:     grunt_enter_depths_hoard, layout_basic,
          chequers_serial_rivers_micro_d, hellmonk_ghost_happy_afterlife,
          serial_corexii_hall, corexii_hall_statues_t, corexii_hall_statues_t,
          kennysheep_orc_sif_temple
Temple:   eino_narrow_crystal_temple
Lair:1:   layout_long_grid, grunt_megastairs_2, uniq_gastronok
Lair:2:   layout_loops_ring, spider_nest_entry_web_field, serial_bayou_pond_a,
          grunt_megastairs_3
Lair:3:   layout_gridlike, minmay_shoals_entry_beasts
Lair:4:   kb_forest_paths, layout_concentric_octagons, serial_bayou,
          serial_bayou_pond_e, serial_bayou_ford_a, serial_bayou_pond_e,
          serial_bayou_pond_d, nicolae_lair_lakeside_cave
Lair:5:   guppyfry_lair_end_dragon, layout_gridlike, hangedman_lair_in_review,
          nicolae_slime_entry_slimehenge, gauntlet_entry_generic,
          lemuel_fruit_tree
Shoals:1: layout_shoals, nicolae_shoals_shepherds, uniq_mlioglotl
Shoals:2: layout_shoals, ebering_ghost_disaster_area
Shoals:3: layout_shoals, nicolae_shoals_siren_and_animal_friends, uniq_ilsuiw
Shoals:4: shoals_end_grunt_garden, layout_shoals, shoal_ilsuiw
Spider:1: layout_cave_pods
Spider:2: layout_cave_pods, drop_trap, uniq_roxanne
Spider:3: layout_spider_delve, gammafunk_ghost_split,
          amcnicky_altar_lugonu_corruption
Spider:4: spider_rune_water, uniq_aizul
Slime:1:  layout_caves, cheibrodos_slime_lost_civilization_7
Slime:2:  layout_caves
Slime:3:  layout_caves
Slime:4:  layout_caves
Slime:5:  slime_pit_nicolae_trefoil
Orc:1:    layout_caves, basic_altar
Orc:2:    grunt_orc_cross, layout_caves, serial_shops, shop, basic_altar,
          einodemon_armed_red_devil_minivault, uniq_sonja, uniq_azrael,
          uniq_jorgrun
Elf:1:    elf_arrival_002, layout_loops_cross,
          gammafunk_ghost_berserking_beasts, serial_shops, shop_fountains,
          minmay_elf_necromancy, nicolae_danse_macabre
Elf:2:    elven_hall_of_blades_hangedman_original
          [infiniplex_blade_entry_pillars], layout_gridlike, serial_shops, shop,
          minmay_shop_grid_forest, uniq_zenata
Elf:3:    minmay_elf_hall_furrowed, layout_gridlike, basic_altar, serial_shops,
          nicolae_shop_waterfront, uniq_bai_suzhen
Vaults:1: infiniplex_enter_wizlab_spiral, nicolae_vaults_enemy_cabinets,
          ontoclasm_vaults_ring_square, grunt_vaults_hallway_short,
          hangedman_vaults_capsules, nicolae_vaults_apartment_2,
          hangedman_vaults_cutoff, hangedman_vaults_restitches,
          vaults_room_hallway, nicolae_vaults_circle_grid_a, v_misc_29,
          vaults_mumra_hex, v_rooms_3, layout_vaults_omnibox, serial_shops,
          shop, nicolae_trove_entry_diagonal, uniq_asterion
Vaults:2: vaults_mumra_hexcomb, minmay_crypt_entry_simple_plaza, st_cross,
          ontoclasm_vaults_decontamination, nicolae_vaults_storage_closets_2,
          hangedman_vaults_stagger, minmay_orc_keep, v_misc_10,
          nicolae_vaults_more_shelving_2, nicolae_vaults_back_hallway,
          layout_vaults_big_room
Vaults:3: grunt_vaults_hallway_long, nicolae_vaults_tetromino_L_2,
          nicolae_vaults_shelves_hall, nicolae_vaults_circle_grid_b,
          nicolae_vaults_diamond_1, hangedman_vaults_hat, layout_vaults_omnigrid
Vaults:4: ontoclasm_vaults_loading_screen, nicolae_vaults_network_star,
          vaults_standard_mumra_lines, v_alt_pattern_2, hangedman_vaults_cutoff,
          vaults_room_pools, st_smaller_cells, nicolae_vaults_double_plus_2,
          nicolae_vaults_storage_room_statues, nicolae_vaults_border_crossing,
          nicolae_vaults_shelves_hall, nicolae_vaults_trapezoid_lopsided_1,
          nicolae_vaults_sightless_eye, v_misc_16, vaults_dpeg_spiral,
          nicolae_vaults_offset_grid_hallway_1, layout_vaults_maze,
          serial_shops, bzr_entry_gold, uniq_mennas
Vaults:5: serial_shops
Crypt:1:  layout_catacombs, grunt_crypt_arrival_webbed
Crypt:2:  layout_basic, roderic_lattice_octagonal_star
Crypt:3:  cryptofortress_bobbens, uniq_margery
Tomb:1
Tomb:2
Tomb:3
Depths:1: layout_gridlike, hangedman_geh_valley, hellmonk_ghost_time_enough,
          rand_demon_pan_entry_5, lemuel_zombie_altar_yredelemnul
Depths:2: minmay_the_grid_square_5x5_5x5
          [minmay_the_grid_square_5x5_checkered_sparse,
          minmay_the_grid_square_5x5_misaligned,
          minmay_the_grid_square_5x5_dogpile,
          minmay_the_grid_square_5x5_shrine1,
          minmay_the_grid_square_5x5_six_small,
          minmay_the_grid_square_5x5_slash,
          minmay_the_grid_square_5x5_prize_junk, minmay_the_grid_square_5x5_six,
          minmay_the_grid_square_5x5_prize_deathbox,
          minmay_the_grid_square_5x5_checkered_statues,
          minmay_the_grid_square_5x5_two_walls_a,
          minmay_the_grid_square_5x5_longway,
          minmay_the_grid_square_5x5_prize_rear_guard,
          minmay_the_grid_square_5x5_fancy_junction,
          minmay_the_grid_square_5x5_sharp_hourglass,
          minmay_the_grid_square_5x5_tetrominoes,
          minmay_the_grid_square_5x5_prize_gold,
          minmay_the_grid_square_5x5_almost_minimal,
          minmay_the_grid_square_5x5_prize_waves,
          minmay_the_grid_square_5x5_minibox,
          minmay_the_grid_square_5x5_two_small, minmay_the_grid_square_5x5_v,
          minmay_the_grid_square_5x5_spiral,
          minmay_the_grid_square_5x5_half_checkered,
          minmay_the_grid_square_5x5_corner], layout_basic, enter_ziggurat_b,
          abyss_entry, pan_entry, hell_entry, minmay_fire_ice_demons
Depths:3: gammafunk_the_bubble [the_bubble_gammafunk_plus_minus],
          layout_cave_pools, grunt_mini_vestibule, nrook_campfire,
          abyss_entry_glasseish
Depths:4: evilmike_zot_entry_castle, layout_gridlike, pan_entry,
          grunt_hell_entry_dis_mu, uniq_enchantress
Hell
Dis:1:    nicolae_dis_array, layout_gridville, serial_glass, glass_columns_c,
          glass_columns_a, nicolae_dis_emergency_hatch
Dis:2:    layout_regular_city
Dis:3:    hangedman_iron_city_apartments
Dis:4:    layout_overlapping_boxes
Dis:5:    layout_regular_city, door_vault
Dis:6:    layout_regular_city
Dis:7:    dis_grunt_layers
Geh:1:    layout_gehenna_lava_caves
Geh:2:    layout_gehenna_lava_caves
Geh:3:    layout_gehenna_pools_box, nicolae_geh_lava_lounge
Geh:4:    layout_gehenna_pools_box, evilmike_ambush
          [evilmike_ambush_outer_basic, evilmike_ambush_inner_basic]
Geh:5:    layout_gehenna_pools_box
Geh:6:    layout_gehenna_lava_caves
Geh:7:    geh_grunt_pentagon
Coc:1:    layout_ice_bergs, nicolae_coc_icebean_singular
          [nicolae_sub_coc_subbean]
Coc:2:    layout_ice_bergs
Coc:3:    layout_cocytus_water_paths
Coc:4:    layout_cocytus_water_paths
Coc:5:    layout_ice_bergs, nicolae_hells_hurtin_island
Coc:6:    layout_cocytus_water_paths
Coc:7:    coc_old
Tar:1:    layout_grid_maze
Tar:2:    layout_grid_maze
Tar:3:    nicolae_tar_funeral_procession, layout_cathedral_of_symmetry
Tar:4:    layout_grid_maze
Tar:5:    layout_honeycomb
Tar:6:    layout_honeycomb
Tar:7:    tar_mu [tar_mu_maze]
Zot:1:    layout_cathedral_of_symmetry, st_stairs_7, uniq_vv
Zot:2:    dreamdust_zin_vs_xom, layout_gridlike,
          regret_index_zotdec_stipple_waver, uniq_josephina
Zot:3:    layout_misc_corridors
Zot:4:    grunt_zot_stairs_faceoff, layout_twisted_circle,
          regret_index_zotdec_carving_tricks
Zot:5:    layout_basic, nicolae_zig_zag_zippers

Skill      XL: |  1  2  3  4  5  6  7  8  9 10 11 12 13 14 15 16 17 18 19 20 21 22 23 24 25 26 27 |
---------------+----------------------------------------------------------------------------------+-----
Spellcasting   | 2 3 4 5 6 9 11 12 14 15 16 18 20 21 22 23 24 27 | 27.0
Necromancy     | 1 2 3 5 7 8 12 | 12.0
Conjurations   | 1 3 6 8 10 11 12 13 15 17 18 19 20 21 22 25 | 25.5
Earth Magic    | 1 3 4 5 6 8 22 | 22.0
Fire Magic     | 4 6 7 9 11 12 15 18 20 22 | 22.8
Evocations     | 3 5 12 | 12.6
Poison Magic   | 2 3 |  3.0
Fighting       | 3 4 5 6 7 8 10 11 12 14 27 | 27.0
Dodging        | 5 6 8 11 12 20 | 20.1
Air Magic      | 2 3 7 11 12 22 | 22.0
Shields        | 2 3 |  3.0
Armour         | 6 8 14 | 14.6
Shapeshifting  | 12 14 19 23 | 23.0
Translocations | 3 |  3.0
Stealth        | 18 | 18.1
Long Blades    | 15 | 15.9
Ice Magic      | 27 | 27.0
Short Blades   | |  2.0

Action                     |  1- 3 |  4- 6 |  7- 9 | 10-12 | 13-15 | 16-18 | 19-21 | 22-24 | 25-27 || total
---------------------------+-------+-------+-------+-------+-------+-------+-------+-------+-------++-------
  Melee: Short sword       |   153 |       |    12 |       |       |       |       |       |       ||   165
         Dagger            |     3 |   129 |    36 |    19 |    37 |       |       |       |       ||   224
         Staff             |       |       |       |    22 |    34 |    13 |       |     2 |     1 ||    72
         Punch             |       |       |       |     1 |     2 |       |       |       |       ||     3
  Throw: Dart              |     2 |       |       |     1 |     1 |       |       |       |       ||     4
         Boomerang         |       |       |       |     1 |       |       |       |       |       ||     1
   Cast: Magic Dart        |     9 |       |     2 |       |     4 |    19 |       |       |       ||    34
         Vampiric Draining |     3 |    18 |     7 |       |       |       |       |       |       ||    28
         Sandblast         |       |    13 |    57 |     4 |       |       |       |       |       ||    74
         Stone Arrow       |       |       |    86 |   315 |   592 |   126 |     1 |       |       ||  1120
         Olgreb's Toxic Ra |       |       |       |    26 |    87 |    23 |       |       |       ||   136
         Borgnjor's Vile C |       |       |       |    21 |   126 |    16 |       |       |       ||   163
         Iskenderun's Batt |       |       |       |       |     4 |       |       |       |       ||     4
         Plasma Beam       |       |       |       |       |    12 |       |       |       |       ||    12
         Orb of Destructio |       |       |       |       |    19 |    67 |    21 |     2 |     1 ||   110
         Starburst         |       |       |       |       |    16 |    34 |     9 |       |       ||    59
         Blink             |       |       |       |       |     1 |     2 |     6 |     1 |     2 ||    12
         Fireball          |       |       |       |       |       |   161 |     3 |     4 |    22 ||   190
         Ignition          |       |       |       |       |       |    19 |     1 |     2 |    12 ||    34
         Fire Storm        |       |       |       |       |       |    98 |   287 |   162 |   504 ||  1051
         Sublimation of Bl |       |       |       |       |       |       |     3 |    18 |    80 ||   101
         Chain Lightning   |       |       |       |       |       |       |       |    21 |   183 ||   204
         Shatter           |       |       |       |       |       |       |       |       |   662 ||   662
         Lehudib's Crystal |       |       |       |       |       |       |       |       |    71 ||    71
         Apportation       |       |       |       |       |       |       |       |       |    13 ||    13
         Polar Vortex      |       |       |       |       |       |       |       |       |     2 ||     2
Ability: Begin Untransform |       |       |       |       |       |       |       |       |    18 ||    18
  Evoke: Wand              |       |       |     7 |     4 |     1 |     5 |       |       |       ||    17
         Lightning rod     |       |       |       |       |     1 |     7 |       |       |       ||     8
         Figurine of a zig |       |       |       |       |       |       |       |       |     1 ||     1
    Use: Scroll            |     2 |     9 |     4 |    11 |     9 |    12 |    10 |     8 |    31 ||    96
         Potion            |     1 |       |     1 |     1 |     7 |     2 |       |     4 |    45 ||    61
   Stab: Sleeping          |     8 |     2 |       |       |       |       |       |       |       ||    10
 Armour: Leather armour    |    85 |    85 |    63 |       |       |       |       |       |       ||   233
         Robe              |       |       |       |   129 |   320 |   117 |    56 |    16 |       ||   638
         Skin              |       |       |       |       |    30 |       |       |       |     1 ||    31
         Troll leather arm |       |       |       |       |       |       |       |    29 |   362 ||   391
         Acid dragon scale |       |       |       |       |       |       |       |       |     9 ||     9
  Dodge: Dodged            |   103 |    74 |    65 |   110 |   367 |   104 |    30 |    22 |   235 ||  1110
  Block: Buckler           |       |       |       |       |    17 |    27 |       |       |       ||    44
   Form: Death             |       |       |       |       |       |       |       |       |    19 ||    19

Table legend: (Time is in decaauts)
 A = Elapsed time spent in this place.
 B = Non-inter-level travel time spent in this place.
 C = Inter-level travel time spent in this place.
 D = Time resting spent in this place.
 E = Time spent auto-exploring this place.
 F = Levels seen in this place.
 G = Mean time per level.
                   A        B        C        D        E       F      G
               +--------+--------+--------+--------+--------+-----+--------+
         Total |  63048 |  59386 |   3662 |   7043 |  32015 | 144 |  437.8 |
       Dungeon |  18681 |  17015 |   1666 |   1778 |  11296 |  15 | 1245.4 |
        Temple |     23 |     23 |      0 |      0 |      0 |   1 |   23.0 |
          Lair |   8525 |   7845 |    680 |   1435 |   4786 |   5 | 1705.0 |
        Shoals |   4795 |   4609 |    186 |    376 |   3295 |   4 | 1198.8 |
   Spider Nest |   6107 |   5862 |    245 |   1267 |   3573 |   4 | 1526.8 |
    Slime Pits |    319 |    319 |      0 |      0 |      0 |   5 |   63.8 |
  Orcish Mines |   1970 |   1868 |    102 |    114 |   1145 |   2 |  985.0 |
   Elven Halls |   3889 |   3705 |    184 |    470 |   2213 |   3 | 1296.3 |
        Vaults |   7642 |   7361 |    281 |    822 |   4933 |   5 | 1528.4 |
         Crypt |    314 |    314 |      0 |      0 |      0 |   3 |  104.7 |
          Tomb |    484 |    464 |     20 |      0 |      0 |   3 |  161.3 |
        Depths |   1970 |   1677 |    293 |      0 |    533 |   4 |  492.5 |
          Hell |    277 |    277 |      0 |      0 |      0 |   1 |  277.0 |
           Dis |    435 |    435 |      0 |      0 |      0 |   7 |   62.1 |
       Gehenna |    435 |    435 |      0 |      0 |      0 |   7 |   62.1 |
       Cocytus |    487 |    487 |      0 |      0 |      0 |   7 |   69.6 |
      Tartarus |    431 |    431 |      0 |      0 |      0 |   7 |   61.6 |
           Zot |    541 |    541 |      0 |     11 |      0 |   5 |  108.2 |
         Abyss |     90 |     90 |      0 |      0 |      0 |   4 |   22.5 |
   Pandemonium |   1683 |   1683 |      0 |      0 |      0 |  19 |   88.6 |
      Ziggurat |   1603 |   1603 |      0 |     28 |      0 |  28 |   57.2 |
        Bazaar |    178 |    178 |      0 |      0 |    127 |   1 |  178.0 |
         Trove |    141 |    141 |      0 |      0 |      0 |   1 |  141.0 |
        Bailey |    728 |    728 |      0 |    235 |      0 |   1 |  728.0 |
        Wizlab |    535 |    535 |      0 |    124 |      0 |   1 |  535.0 |
      Gauntlet |    753 |    753 |      0 |    383 |    113 |   1 |  753.0 |
               +--------+--------+--------+--------+--------+-----+--------+

Top non-repeatable levels by time:
  Lair:1: 2252 daAuts
    D:12: 2083 daAuts
Vaults:4: 1993 daAuts
Vaults:2: 1982 daAuts
  Lair:5: 1901 daAuts
Spider:2: 1751 daAuts
     D:9: 1635 daAuts
Spider:4: 1618 daAuts
  Lair:2: 1561 daAuts
Spider:1: 1519 daAuts
   Elf:3: 1495 daAuts
  Lair:3: 1445 daAuts
   Orc:2: 1441 daAuts
    D:15: 1441 daAuts
Shoals:1: 1373 daAuts
